 Dungeon Crawl Stone Soup version 0.25-a0-815-gab441bd002 (webtiles) character file.

Game seed: 14648868249140196672, levelgen mode: classic

591554 EnegeticOcto the Conqueror (level 27, 0/323 HPs)
             Began as an Ogre Chaos Knight on Apr 17, 2020.
             Was a Favourite Plaything of Xom.
             Killed from afar by a purple draconian (23 damage)
             ... with a bolt of dispelling energy
             ... on level 5 of the Realm of Zot on Apr 20, 2020.
             The game lasted 02:29:38 (63602 turns).

EnegeticOcto the Conqueror (Ogre Chaos Knight)     Turns: 63602, Time: 02:29:41

Health: 0/323      AC: 27    Str: 22 (24) XL:     27
Magic:  1/37       EV: 11    Int: 21 (23) God:    Xom [.....*]
Gold:   3129       SH: 21    Dex:  8 (10) Spells: 22/46 levels left

rFire    + . .     SeeInvis +   a - +6 demon trident (vamp)
rCold    + + .     Gourm    .   d - +2 tower shield {AC+3}
rNeg     + . .     Faith    .   i - +5 fire dragon scales
rPois    +         Spirit   .   v - +2 hat
rElec    +         Reflect  .   u - +2 cloak {MR+}
rCorr    .         Harm     .   (gloves unavailable)
MR       +++++     Clarity  +   (boots unavailable)
Stlth    ..........             A - amulet of the Four Winds {rN+ MR+++ Clar}
HPRegen  1.03/turn              U - ring of Wuadim {rPois Int+2}
MPRegen  0.25/turn              w - ring "Qucuhouh" {Ice Int+2 Dex-3 Slay+6 Stlth+}

@: silence (expiring), marked, no potions, hasted and slowed, lightly drained
A: large, unfitting armour, antennae 2, talons 1, icy blue scales 1, molten
scales 1, thin skeletal structure 1, see invisible, berserk 1, blink, cold
resistance 2, deformed body, regeneration 1, screaming 1, shaggy fur 1,
electricity resistance, tough skin 1, evolution 1, MP-powered wands
}: 4/15 runes: serpentine, barnacled, slimy, abyssal
a: Blink, Renounce Religion


You were on level 5 of the Realm of Zot.
You worshipped Xom.
You were Xom's teddy bear.
You were completely stuffed.

You visited 10 branches of the dungeon, and saw 53 of its levels.
You visited the Abyss 2 times.
You also visited: Wizlab.

You collected 6988 gold pieces.
You spent 3859 gold pieces at shops.

Inventory:

Hand Weapons
 a - a +6 vampiric demon trident (weapon)
 b - a +9 demon trident of draining
 O - the +3 spear "Avoc" {vorpal, rElec rF+ MP-9 Dex+9}
   (You found it on level 5 of the Pits of Slime)

   It inflicts extra damage upon your enemies.
   It affects your dexterity (+9).
   It protects you from fire.
   It insulates you from electricity.
   It affects your magic capacity (-9).
Missiles
 s - 57 large rocks
 t - 56 boomerangs
 y - 17 silver javelins (quivered)
 M - a throwing net {!f}
 R - 17 curare-tipped darts
 W - 40 javelins
Armour
 d - a +2 tower shield of protection (worn)
 i - +5 fire dragon scales (worn)
 u - a +2 cloak of magic resistance (worn)
 v - a +2 hat (worn)
Jewellery
 r - the ring "Atitwuept" {rElec MR+ Int+4 Dex+6 SInv}
   (You bought it in a shop on level 2 of the Snake Pit)

   [ring of intelligence]

   It affects your intelligence (+4).
   It affects your dexterity (+6).
   It insulates you from electricity.
   It affects your resistance to hostile enchantments.
   It lets you see invisible.
 w - the ring "Qucuhouh" (right hand) {Ice Int+2 Dex-3 Slay+6 Stlth+}
   (You bought it in a shop on level 2 of the Snake Pit)

   [ring of ice]

   It enhances your ice magic.
   It affects your intelligence (+2).
   It affects your dexterity (-3).
   It affects your accuracy and damage with ranged weapons and melee attacks
   (+6).
   It makes you vulnerable to fire.
   It protects you from cold.
   It makes you more stealthy.
 z - the amulet of Vitality {Regen+ HP+15}
   (You found it on level 11 of the Dungeon)

   [amulet of regeneration]

   It affects your health (+15).
   It increases your rate of regeneration.
 A - the amulet of the Four Winds (around neck) {rN+ MR+++ Clar}
   (You found it on level 2 of the Snake Pit)

   [amulet of nothing]

   It protects you from negative energy.
   It affects your resistance to hostile enchantments.
   It protects you against confusion.
 P - the ring of Liobbut {rCorr Str+3 Int+5 Slay+2}
   (You bought it in a shop on level 2 of the Orcish Mines)

   [ring of resist corrosion]

   It affects your strength (+3).
   It affects your intelligence (+5).
   It affects your accuracy and damage with ranged weapons and melee attacks
   (+2).
   It provides partial protection from all sources of acid and corrosion.
 U - the ring of Wuadim (left hand) {rPois Int+2}
   (You found it on level 2 of the Depths)

   [ring of poison resistance]

   It affects your intelligence (+2).
   It protects you from poison.
 V - the ring of Fymoxet {+Fly rF+ Str+2}
   (You took it off a deep elf mage on level 3 of the Elven Halls)

   [ring of flight]

   It affects your strength (+2).
   It protects you from fire.
   It lets you fly.
Wands
 f - a wand of clouds (14)
 n - a wand of enslavement (40)
 x - a wand of scattershot (4)
 E - a wand of paralysis (25)
 G - a wand of acid (41) {@v1}
 H - a wand of polymorph (11)
 S - a wand of iceblast (50) {@v2}
 Z - a wand of disintegration (47)
Scrolls
 k - 14 scrolls of teleportation {@r3 !r}
 q - a scroll of silence
 B - 2 scrolls of immolation
 D - 11 scrolls of identify {@r1}
 J - a scroll of magic mapping {@r5 !r}
 T - 5 scrolls of fear {!r}
 X - 2 scrolls of fog {!r}
Potions
 c - 6 potions of resistance
 h - 10 potions of curing {@q1 !q}
 l - 3 potions of berserk rage
 o - 12 potions of lignification {@q6}
 p - 5 potions of magic
 C - 12 potions of brilliance
 F - 3 potions of might {@q3 !q}
 K - 10 potions of stabbing {@q5 !q}
 L - 3 potions of cancellation
 N - 5 potions of mutation
 Q - 5 potions of haste {@q4 !q}
 Y - a potion of ambrosia
Miscellaneous
 g - a phial of floods
 m - 3 phantom mirrors
 I - a box of beasts
Comestibles
 e - 55 rations


   Skills:
 O Level 27(26.4) Fighting
   Level 1.2(0.9) Maces & Flails
 - Level 14.0(13.5) Polearms
 + Level 18.0(17.5) Throwing
 + Level 12.5(12.1) Armour
 + Level 10.3(9.9) Dodging
 - Level 15.0(14.5) Shields
 - Level 10.0(9.6) Spellcasting
 - Level 15.0(14.5) Summonings
 - Level 5.0(4.7) Translocations
 - Level 4.0(3.6) Transmutations
 - Level 10.0(9.6) Air Magic
 + Level 11.3(10.9) Evocations


You had 22 spell levels left.
You knew the following spells:

 Your Spells              Type           Power        Failure   Level  Hunger
a - Apportation           Tloc           ####..       2%          1    None
b - Summon Lightning Spi  Summ/Air       ######..     1%          4    ##.....
d - Sublimation of Blood  Necr           ##........   28%         2    None
p - Passwall              Tmut/Erth      ###.....     13%         2    None
q - Aura of Abjuration    Summ           ######....   1%          5    ####...
r - Shadow Creatures      Summ           N/A          7%          6    ######.
V - Swiftness             Chrm/Air       ####....     3%          2    None
Y - Blink                 Tloc           N/A          4%          2    None

Your spell library contained the following spells:

 Spells                   Type           Power        Failure   Level  Hunger
 Summon Small Mammal      Summ           ####         1%          1    None
 Call Imp                 Summ           ######..     1%          2    None
 Call Canine Familiar     Summ           ######..     1%          3    None
 Recall                   Summ/Tloc      N/A          1%          3    None
 Summon Demon             Summ           ######....   1%          5    ####...
 Shock                    Conj/Air       ####         2%          1    None
 Summon Guardian Golem    Hex/Summ       #####...     2%          3    None
 Corpse Rot               Necr/Air       N/A          3%          2    None
 Poisonous Vapours        Pois/Air       ####..       3%          2    None
 Lesser Beckoning         Tloc           ####......   8%          3    None
 Static Discharge         Conj/Air       ####....     8%          3    None
 Sting                    Tmut/Pois      ###.         9%          1    None
 Summon Ice Beast         Ice/Summ       ######..     9%          4    ##.....
 Summon Forest            Summ/Tloc      ######....   10%         5    ####...
 Mephitic Cloud           Conj/Pois/Air  ###.....     14%         3    None
 Animate Skeleton         Necr           N/A          19%         1    None
 Corona                   Hex            ##.....      19%         1    None
 Foxfire                  Conj/Fire      ##..         19%         1    None
 Freeze                   Ice            ###.         19%         1    None
 Infusion                 Chrm           ##..         19%         1    None
 Magic Dart               Conj           ##..         19%         1    None
 Pain                     Necr           ##..         19%         1    None
 Sandblast                Erth           ##....       19%         1    None
 Passage of Golubria      Tloc           N/A          26%         4    ##.....
 Summon Mana Viper        Hex/Summ       #####...     26%         5    ####...
 Ensorcelled Hibernation  Hex/Ice        ###...       28%         2    None
 Slow                     Hex            ##......     28%         2    None
 Ignite Poison            Fire/Tmut/Pois ###.....     32%         3    None
 Confusing Touch          Hex            ##......     50%         3    None
 Conjure Flame            Conj/Fire      ##......     50%         3    None
 Dazzling Flash           Conj/Hex       ##....       50%         3    None
 Frozen Ramparts          Ice            ###...       50%         3    None
 Inner Flame              Hex/Fire       ##......     50%         3    None
 Ozocubu's Armour         Chrm/Ice       ###.....     50%         3    None
 Spectral Weapon          Hex/Chrm       ##......     50%         3    None
 Stone Arrow              Conj/Erth      ##....       50%         3    None
 Tukima's Dance           Hex            ##......     50%         3    None
 Vampiric Draining        Necr           ##........   50%         3    None
 Iskenderun's Mystic Bla  Conj/Tloc      ###.....     56%         4    ##.....
 Lightning Bolt           Conj/Air       ####......   56%         5    ####...
 Ice Form                 Ice/Tmut       ####....     63%         4    ##.....
 Petrify                  Tmut/Erth      ###.....     63%         4    ##.....
 Animate Dead             Necr           N/A          88%         4    ##.....
 Cause Fear               Hex            ##........   88%         4    ##.....
 Dispel Undead            Necr           ##......     88%         4    ##.....
 Hailstorm                Conj/Ice       ###.....     88%         4    ##.....
 Leda's Liquefaction      Hex/Erth       ##........   88%         4    ##.....
 Olgreb's Toxic Radiance  Pois           ##......     88%         4    ##.....
 Sticky Flame             Conj/Fire      ##......     88%         4    ##.....
 Agony                    Necr           ##......     99%         5    ####...
 Bolt of Magma            Conj/Fire/Erth ##........   99%         5    ####...
 Borgnjor's Vile Clutch   Necr/Erth      ##........   99%         5    ####...
 Excruciating Wounds      Chrm/Necr      ##........   99%         5    ####...
 Fireball                 Conj/Fire      ##........   99%         5    ####...
 Iskenderun's Battlesphe  Conj/Chrm      ##......     99%         5    ####...
 Lee's Rapid Deconstruct  Erth           ##........   99%         5    ####...
 Metabolic Englaciation   Hex/Ice        ###.......   99%         5    ####...
 Darkness                 Hex            ##........   100%        6    ######.
 Death Channel            Necr           ##........   100%        6    ######.
 Freezing Cloud           Conj/Ice/Air   #####.....   100%        6    ######.
 Invisibility             Hex            ##......     100%        6    ######.
 Iron Shot                Conj/Erth      ##........   100%        6    ######.
 Ozocubu's Refrigeration  Ice            ###.......   100%        6    ######.
 Simulacrum               Ice/Necr       ###.......   100%        6    ######.
 Starburst                Conj/Fire      ##........   100%        6    ######.
 Statue Form              Tmut/Erth      ###......    100%        6    ######.
 Dragon Form              Tmut           ####......   100%        7    #######
 Orb of Destruction       Conj           ##........   100%        7    #######
 Ring of Flames           Chrm/Fire      ##........   100%        7    #######
 Spellforged Servitor     Conj/Summ      #####.....   100%        7    #######
 Chain Lightning          Conj/Air       ####......   100%        8    #######
 Ignition                 Fire           ##........   100%        8    #######
 Lehudib's Crystal Spear  Conj/Erth      ##........   100%        8    #######
 Absolute Zero            Ice            ###.......   100%        9    #######
 Dragon's Call            Summ           ######....   100%        9    #######
 Fire Storm               Conj/Fire      ##........   100%        9    #######
 Shatter                  Erth           ##........   100%        9    #######
 Tornado                  Air            ######....   100%        9    #######


Dungeon Overview and Level Annotations

Branches:
Dungeon (15/15)            Temple (0/1) D:7            Lair (6/6) D:10
 Shoals (4/4) Lair:4        Snake (4/4) Lair:4        Slime (5/5) Lair:6
    Orc (2/2) D:11            Elf (3/3) Orc:2        Vaults (4/5) D:13
  Crypt (0/3) Vaults:2     Depths (5/5) D:15            Zot (5/5) Depths:5
 WizLab (visited)

Altars:
Ashenzari
Cheibriados
Dithmenos
Fedhas
Gozag
Hepliaklqana
Kikubaaqudgha
Makhleb
Nemelex Xobeh
Okawaru
Qazlal
Sif Muna
Vehumet
Wu Jian
Xom
Yredelemnul
Zin
The Shining One
Beogh
Jiyva

Shops:
Orc:2 =:[:   Snake:2 *}=}   Snake:3 =   Vaults:1 (*   Depths:1 !

Portals:
Hell: Depths:1 Depths:2 Depths:3 Depths:4 Depths:5
Abyss: Depths:4
Pandemonium: Depths:1 Depths:3
Ziggurat: Depths:3
Trove: Depths:5 (give +3 shadow dragon scales)

Annotations:
D:4 2 transporters, paps's ghost, amateur OpMo
D:11 1 runed translucent door, hemabe's ghost, journeyman HuAr
Shoals:2 2 exclusions
Shoals:4 Ilsuiw
Elf:2 5 runed translucent doors
Vaults:3 36 runed doors, Boris


Innate Abilities, Weirdness & Mutations

You are too large for most types of armour.
You have tough skin. (AC +1)
You have a pair of antennae on your head.
You have sharp toenails.
You are partially covered in icy blue scales. (AC +2)
You are partially covered in molten scales. (AC +2)
You have a somewhat thin skeletal structure. (Dex +2, Stealth)
You have supernaturally acute eyesight. (SInv)
You tend to lose your temper in combat.
You can translocate small distances at will.
Your flesh is very cold resistant. (rC++)
Armour fits poorly on your strangely shaped body.
Your natural rate of healing is unusually fast.
You occasionally shout uncontrollably at your foes.
You are covered in fur. (AC +1)
You are resistant to electric shocks. (rElec)
You evolve.
You expend magic power (3 MP) to strengthen your wands.


Message History

You hear a loud "Zot"!
The electric golem crackles and sizzles.
The white draconian annihilator mumbles some strange words.
The white draconian annihilator blinks!
The death cob hits you!
* * * LOW HITPOINT WARNING * * *
A purple draconian comes into view. It is wielding a +0 dire flail.
The Killer Klown blinks!
The ancient lich mumbles some strange words. x2
The ancient lich flickers and vanishes for a moment.
The death cob closely misses you.
A green draconian comes into view. It is wielding a +0 war axe.
You hear a loud "Zot"!
The moth of wrath goads the Orb Guardian on!
The Orb Guardian goes berserk!
Casting: Blink (safe; 4% risk of failure)
Confirm with . or Enter, or press ? or * to list all spells.
You blink.
An Orb Guardian comes into view.
The Orb Guardian barely misses you. You block the ancient lich's attack.
The death cob hits you but does no damage.
The Orb Guardian hits you!
* * * LOW HITPOINT WARNING * * *
The Orb Guardian hits you but does no damage.
The green draconian stormcaller prays to Qazlal.
Casting: Blink (safe; 4% risk of failure)
Confirm with . or Enter, or press ? or * to list all spells.
You blink. 2 Orb Guardians come into view.
The ancient lich casts a spell.
The ancient lich seems to speed up.
The Killer Klown blinks!
You hear a loud "Zot"!
The Orb Guardian hits you but does no damage.
The Killer Klown honks.
Really quaff
j - a potion of heal wounds {@q2 !q}?
You feel much better. You block the moth of wrath's attack.
The electric golem blinks!
The Orb Guardian hits you but does no damage.
You block the Orb Guardian's attack.
Okay, then.
The orb of fire stops glowing.
You hear a loud "Zot"!
The power of Zot is invoked against you!
You suddenly feel drained of magical energy!
The Killer Klown throws klown pie at you.
The klown pie hits you.
Lemon!
You feel unable to drink.
* * * LOW HITPOINT WARNING * * *
The Orb Guardian closely misses you.
The moth of wrath goads the Orb Guardian on!
The Orb Guardian goes berserk!
The Orb Guardian hits you but does no damage.
You cannot drink potions in your current state!
Okay, then.
Unknown command.
The ancient lich stops glowing.
The Orb Guardian stops glowing.
The Orb Guardian hits you but does no damage.
The Killer Klown laughs merrily.
The Killer Klown blinks!
The Killer Klown sprays water.
The Killer Klown blinks!
You block the Killer Klown's attack.
You hear a loud "Zot"!
The ghost moth stares at you.
The Killer Klown throws klown pie at you.
The klown pie hits you!!
Blueberry!
An unnatural silence engulfs you.
* * * LOW HITPOINT WARNING * * *
Really walk into that dispersal trap?
You enter a dispersal trap!
The Orb Guardian blinks! x2
The Killer Klown blinks!
The Orb Guardian blinks! x2; The ancient lich blinks!
The Brimstone Fiend blinks!
The Orb Guardian blinks! x3; The death cob blinks! x2
The Orb Guardian blinks! x3; The Brimstone Fiend blinks!
The Orb Guardian blinks!
The ancient lich blinks!
The orb of fire blinks!
The Orb Guardian blinks! x2; The Brimstone Fiend blinks!
You blink. "Time to have some fun!"
The Killer Klown's +10 antimagic club dances into the air!
The ancient lich stops glowing.
The death cob stops glowing.
The death cob hits you but does no damage. x2
The moth of wrath stops glowing.
The ancient lich drops a net on you. A large net falls onto you!
You become entangled in the net!
The death cob hits you.
* * * LOW HITPOINT WARNING * * *
The death cob drains your vigour!
You feel yourself slow down.
The Orb Guardian hits you but does no damage.
Your +10 antimagic club barely misses the Killer Klown.
You see here a throwing net {!f}.
Okay, then.
You cannot drink potions in your current state!
Unknown command.
Unknown command.
You struggle against the net.
Your surroundings suddenly seem different.
The Killer Klown blinks!
Found 61 gold pieces.
You cannot drink potions in your current state!
Okay, then.
The Killer Klown grins with merry abandon.
The electric golem blinks!
The purple draconian breathes dispelling energy at you.
The bolt of dispelling energy hits you!!
Your magical effects are unravelling.
You die...
Xom thinks this is hilarious!

§D{§...............# ##.__......
8p§§{§.....§.......# #...._.....
§§§§.......^.......# ##..._......
Cp§§§......p.......###.._........
{{§.†.....^.......###...#########
#{§...^..........##.).)##
##......^...^.......[###
▓▓.....##▓▓▓▓▓▓▓▓▓▓▓#
▓▓.....(........@▓▓▓▓
▓......(..(.......p.▓**
..8...................#*
..........(^...........# ******▓*
..D................8...▓**^,,,^..
.{..^............d..$pp▓*,^,,,,..
▓{d..%................§▓,,,,,,,^.
▓▓§p...............X..^§.,,,,,,,{
▓X.................D...▓.,,,,,,^.


You could see 3 Killer Klowns, an electric golem, a tentacled monstrosity and a
purple draconian.

Vanquished Creatures
  Dissolution (Slime:3)
  Mennas (Depths:5)
  An orb of fire (Zot:5)
  Mara (Vaults:3)
  2 juggernauts
  Boris (Vaults:2)
  Vashnia (Snake:4)
  Saint Roka (Orc:2)
  Frederick (Depths:3)
  5 caustic shrikes (Depths:5)
  A curse toe (Zot:4)
  A bone dragon (Abyss:5)
  6 golden dragons
  6 tentacled monstrosities
  Rupert (Orc:2)
  A lich (Depths:1)
  9 Orb Guardians (Zot:5)
  A deep elf master archer (Elf:3)
  3 deep elf blademasters (Elf:3)
  A titan (Depths:2)
  16 acid blobs
  3 tentacled starspawn
  5 death cobs
  7 storm dragons
  Kirke (D:13)
  A shadow dragon (Zot:5)
  2 draconian monks
  8 tengu reavers
  9 nagarajas
  4 sphinxes
  A daeva (Abyss:5)
  The ghost of Lofupn the Imperceptible, an adept SpEn of Wu Jian (Vaults:2)
  5 azure jellies
  7 frost giants
  10 fire giants
  2 ghost moths
  6 deep elf sorcerers
  3 draconian scorchers
  8 vault wardens
  An orc warlord (Vaults:4)
  14 ironheart preservers
  Aizul (Snake:1)
  4 deep elf elementalists (Elf:3)
  An iron dragon (Depths:2)
  6 spriggan defenders
  A draconian stormcaller (Depths:5)
  19 very ugly things
  2 draconian annihilators
  11 stone giants
  2 entropy weavers
  5 vampire knights
  3 green draconians
  11 deep elf demonologists
  7 black draconians
  2 yellow draconians
  5 white draconians
  6 deep elf death magi
  4 purple draconians
  2 red draconians
  10 spark wasps
  4 deep elf annihilators
  10 ettins
  Snorg (D:13)
  4 merfolk javelineers
  9 merfolk impalers
  14 fire dragons
  2 death oozes
  13 great orbs of eyes
  A jiangshi (Vaults:2)
  16 yaktaur captains
  3 deep elf high priests
  6 vault guards
  18 naga warriors
  6 ice dragons
  2 rakshasas
  7 spriggan air magi
  A hydra (D:15)
  2 alligators
  Erica (D:8)
  2 death knights
  An alligator snapping turtle (Shoals:2)
  11 ogre magi
  A merfolk avatar (Shoals:4)
  8 anacondas
  5 merfolk aquamancers (Shoals:4)
  11 centaur warriors
  15 dancing weapons
  6 deep troll shamans
  5 satyrs
  43 two-headed ogres
  A satyr (shapeshifter) (D:11)
  A hell hog (Abyss:5)
  7 orc high priests
  14 deep troll earth magi
  12 tengu warriors
  8 hell knights
  Urug (D:13)
  3 thrashing horrors (Abyss:3)
  3 death yaks (Lair:5)
  4 vampire magi
  15 naga sharpshooters
  4 spriggan berserkers
  9 shock serpents
  6 salamander mystics
  3 iron trolls
  2 wretched stars
  3 skeletal warriors
  9 deep elf knights
  4 unseen horrors
  2 shadow wraiths (Vaults:3)
  A sixfirhy (Abyss:5)
  9 sea snakes
  A fire crab (shapeshifter) (Vaults:2)
  2 flayed ghosts
  11 glowing orange brains
  An obsidian statue (Zot:5)
  7 naga ritualists
  34 deep trolls
  21 deep elf archers
  5 harpies
  A tengu zombie (Vaults:4)
  A lindwurm (Lair:6)
  5 wizards
  Pikel (D:8)
  10 ironbrand convokers
  2 phantasmal warriors (D:14)
  A lindwurm (shapeshifter) (Depths:2)
  4 necromancers
  20 orc knights
  A sphinx zombie (Vaults:1)
  A harpy (shapeshifter) (D:14)
  10 mana vipers
  2 wolf spiders
  22 ugly things
  66 deep elf magi
  An oklob plant (Shoals:1)
  19 salamanders
  2 cyclopes
  40 slime creatures
  A worldbinder (Abyss:5)
  2 frost giant zombies (Vaults:4)
  7 manticores
  A manticore (shapeshifter) (Shoals:1)
  2 centaur zombies
  3 shining eyes (Slime:5)
  7 moths of wrath
  18 naga magi
  38 black mambas
  Joseph (D:7)
  5 merfolk sirens
  5 guardian serpents
  Maurice (D:8)
  6 elephants (Lair:6)
  A spiny frog (shapeshifter) (Depths:2)
  An apocalypse crab (Abyss:3)
  10 vault sentinels
  A molten gargoyle (Depths:1)
  An eye of devastation (Slime:3)
  4 smoke demons
  3 gargoyles
  13 water nymphs
  7 spiny frogs
  2 torpor snails
  5 spectral swamp worms (Depths:3)
  63 yaktaurs
  Maggie (D:7)
  4 rime drakes
  A kobold demonologist (D:15)
  2 efreet
  An ice devil (Depths:3)
  A komodo dragon (shapeshifter) (Elf:2)
  10 tengu conjurers
  7 komodo dragons
  A hellion (WizLab)
  6 freezing wraiths
  A demonic crawler (Abyss:5)
  10 large abominations
  21 merfolk
  An ancient zyme (Abyss:5)
  2 jumping spiders
  A queen bee (Lair:1)
  A troll (shapeshifter) (D:13)
  4 wind drakes
  A queen bee (shapeshifter) (Snake:2)
  11 trolls
  2 polar bears
  9 hornets
  A tengu simulacrum (Vaults:3)
  2 nameless horrors (Elf:3)
  11 blink frogs
  9 snapping turtles
  9 dream sheep
  13 hippogriffs
  6 small abominations
  5 raiju
  5 air elementals
  A fire giant simulacrum (Vaults:3)
  2 human simulacra (Vaults:1)
  44 yaks
  A spriggan (shapeshifter) (Vaults:3)
  3 shadows
  5 fire elementals
  4 wraiths
  4 redbacks
  3 ynoxinuls
  3 fire bats (Abyss:2)
  18 water elementals
  2 hogs (D:13)
  12 spriggans
  A yak (shapeshifter) (Depths:2)
  Eustachio (D:5)
  A basilisk (Lair:4)
  A basilisk (shapeshifter) (D:15)
  A neqoxec (Depths:3)
  A human (shapeshifter) (D:13)
  A golden eye (Lair:4)
  An emperor scorpion simulacrum (Abyss:3)
  2 vampire mosquitoes (D:14)
  A chaos spawn (Abyss:5)
  6 wargs
  7 hungry ghosts
  A swamp worm (Orc:2)
  36 nagas
  A spatial vortex (Abyss:5)
  9 water moccasins
  Edmund (D:5)
  An acid dragon (D:14)
  8 soldier ants
  2 floating eyes (Depths:2)
  2 swamp drakes
  5 porcupines
  4 hell hounds (Snake:2)
  56 orc warriors
  6 black bears
  2 ice beasts
  4 sky beasts
  A phantom (D:3)
  A sky beast (shapeshifter) (Elf:1)
  4 starcursed masses (Abyss:5)
  35 ogres
  A necrophage (D:5)
  7 eyes of draining
  17 boggarts
  15 wolves
  7 crocodiles
  26 centaurs
  4 human skeletons
  A human zombie (Vaults:1)
  A big kobold (shapeshifter) (D:14)
  A gnoll sergeant (D:9)
  21 bullfrogs
  A wyvern zombie (D:11)
  An earth elemental (Elf:1)
  An elf simulacrum (Vaults:1)
  3 scorpions
  A wyvern skeleton (D:13)
  18 killer bees
  4 wights (D:14)
  2 howler monkeys
  8 crimson imps
  A quasit (D:3)
  6 jellies
  6 centaur skeletons
  7 hounds
  32 orc priests
  Natasha (thrice) (D:2)
  5 iguanas
  17 orc wizards
  4 lightning spires (Depths:4)
  12 worker ants
  3 hound zombies
  A howler monkey zombie (D:8)
  9 gnolls
  2 howler monkey skeletons (D:9)
  A worker ant zombie (D:9)
  9 adders
  5 shadow imps
  A white imp (Abyss:3)
  6 oozes
  An adder skeleton (D:8)
  An adder zombie (D:6)
  4 worms
  2 dart slugs
  4 leopard geckos
  105 orcs
  10 bats
  5 giant cockroaches
  11 goblins
  6 hobgoblins
  5 jackals
  8 quokkas
  4 frilled lizards
  2 goblin skeletons (D:9)
  A goblin zombie (D:9)
  A hobgoblin zombie (D:9)
  8 kobolds
  3 orc zombies
  9 rats
  A crawling corpse (Elf:3)
  A plant (Lair:5)
  A starspawn tentacle (Abyss:5)
  3 tentacles (Shoals:2)
2039 creatures vanquished.

Vanquished Creatures (collateral kills)
  the Royal Jelly (Slime:5)
  An ancient lich (Zot:5)
  A juggernaut (Depths:5)
  A deep elf master archer (Elf:3)
  Frances (Snake:2)
  Gastronok (Lair:1)
  2 nagarajas (Snake:4)
  A draconian monk (Zot:5)
  A frost giant (Depths:5)
  A draconian shifter (Zot:5)
  A red draconian (Zot:5)
  A black draconian (Zot:5)
  Azrael (Snake:2)
  2 yellow draconians
  A naga warrior (Snake:2)
  2 yaktaur captains
  4 hydras
  A two-headed ogre (D:10)
  A centaur warrior (D:13)
  2 ogre magi
  A death yak (Lair:5)
  A deep troll shaman (Vaults:1)
  4 naga sharpshooters
  A deep troll (Vaults:1)
  An unseen horror (D:12)
  2 orc knights
  2 orc sorcerers
  2 ugly things
  A salamander (Snake:3)
  4 black mambas
  2 elephants
  8 naga magi
  A guardian serpent (Snake:3)
  A komodo dragon (Lair:3)
  A freezing wraith (Vaults:3)
  A yaktaur (Vaults:1)
  2 merfolk
  A polar bear (Lair:6)
  3 blink frogs
  A hippogriff (Lair:4)
  2 dream sheep
  4 spriggans (Lair:6)
  26 yaks
  A water elemental (Shoals:2)
  A hog (D:13)
  A basilisk (Lair:3)
  A soldier ant (Lair:3)
  A warg (Orc:1)
  An acid dragon (D:14)
  10 nagas
  3 water moccasins
  13 orc warriors
  A black bear (Lair:6)
  A boggart (D:12)
  3 ogres
  9 wolves
  A crocodile (Lair:1)
  A centaur (D:13)
  2 bullfrogs (D:9)
  5 killer bees
  A crimson imp (D:10)
  8 orc priests
  2 orc wizards
  27 orcs
  3 plants
195 creatures vanquished.

Vanquished Creatures (others)
  4 dancing weapons
  A deep elf knight (Elf:2)
  A wizard (D:14)
  2 orc knights
  An ugly thing (Depths:1)
  A draconian (Abyss:5)
  A black mamba (Snake:2)
  A vault sentinel (Vaults:4)
  A freezing wraith (Vaults:4)
  4 yaktaurs
  A hornet (Lair:6)
  2 yaks (D:12)
  A spriggan (Lair:6)
  An acid dragon (Vaults:1)
  3 orc warriors (Orc:2)
  4 slaves (D:8)
  A wyvern skeleton (D:13)
  9 killer bees (Lair:1)
  3 ball lightnings (Depths:4)
  A jackal (D:3)
  3 kobolds (D:8)
  13 fungi
  15 plants
  8 starspawn tentacles
  22 tentacles (Shoals:2)
104 creatures vanquished.

Grand Total: 2338 creatures vanquished

Notes
Turn   | Place    | Note
-------+----------+-------------------------------------------
     0 | D:1      | EnegeticOcto the Ogre Chaos Knight began the quest for the
                  | Orb.
     0 | D:1      | Reached XP level 1. HP: 24/24 MP: 1/1
   142 | D:1      | Reached XP level 2. HP: 30/33 MP: 2/2
   142 | D:1      | XOM: potion effect (haste)
   421 | D:1      | Reached XP level 3. HP: 41/41 MP: 3/3
   709 | D:2      | Noticed Natasha
   724 | D:2      | Killed Natasha
   724 | D:2      | Reached skill level 5 in Fighting
   804 | D:2      | Noticed Natasha
   806 | D:2      | XOM: potion effect (haste)
  1026 | D:2      | Killed Natasha
  1026 | D:2      | Reached XP level 4. HP: 50/50 MP: 4/4
  1128 | D:2      | XOM: silly message
  1301 | D:2      | Found a sparkling altar of Nemelex Xobeh.
  1306 | D:2      | Found a shimmering blue altar of Sif Muna.
  1313 | D:2      | Found a burning altar of Makhleb.
  1320 | D:2      | Found a stormy altar of Qazlal.
  1327 | D:2      | Found a shattered altar of Ashenzari.
  1334 | D:2      | Found a shimmering altar of Xom.
  1339 | D:2      | Found an ornate altar of the Wu Jian Council.
  1391 | D:2      | Reached skill level 6 in Fighting
  1391 | D:2      | Reached XP level 5. HP: 51/59 MP: 5/5
  1710 | D:2      | XOM: smoke on damage
  1843 | D:2      | Noticed Natasha
  1854 | D:2      | Killed Natasha
  2733 | D:3      | Lost dexterity.
  2744 | D:3      | Reached XP level 6. HP: 39/68 MP: 6/6
  2747 | D:3      | XOM: silly message
  2757 | D:3      | Reached skill level 5 in Polearms
  2788 | D:3      | Reached skill level 1 in Evocations
  2792 | D:3      | XOM: summons 3 hostile demons
  3103 | D:3      | XOM: 3-stop teleportation journey
  3202 | D:3      | XOM: butterfly on damage
  3202 | D:3      | XOM: smoke on damage
  3707 | D:3      | Noticed a phantom
  3743 | D:3      | Killed a phantom
  3743 | D:3      | Reached skill level 7 in Fighting
  3743 | D:3      | Reached skill level 1 in Maces & Flails
  3743 | D:3      | Reached XP level 7. HP: 45/78 MP: 8/8
  3918 | D:3      | Found an ancient bone altar of Kikubaaqudgha.
  3994 | D:3      | XOM: 4-stop teleportation journey
  4461 | D:3      | XOM: stat loss: -1 Dex (5/12)
  4609 | D:4      | XOM: blink monster(s)
  4684 | D:4      | Found a shadowy altar of Dithmenos.
  4726 | D:4      | Found a transporter.
  4726 | D:4      | Noticed paps's ghost (amateur OpMo)
  4791 | D:4      | Found a transporter.
  4903 | D:4      | Reached skill level 8 in Fighting
  4960 | D:4      | Got a twisted dagger
  5047 | D:4      | Identified the +8 short sword of Skirmishing {protect, MR+}
  5052 | D:4      | Noticed a soldier ant
  5052 | D:4      | an ogre changed into a soldier ant
  5052 | D:4      | XOM: polymorph ogre -> soldier ant
  5063 | D:4      | XOM: 4-stop teleportation journey
  5170 | D:4      | XOM: summons 3 hostile demons
  5171 | D:4      | Noticed a sixfirhy
  5367 | D:4      | XOM: silly message
  5405 | D:4      | Found an iron altar of Okawaru.
  5540 | D:4      | Got a scorched short sword
  5629 | D:4      | XOM is BORED!
  5687 | D:4      | Killed a soldier ant
  5687 | D:4      | Reached XP level 8. HP: 77/91 MP: 9/9
  5855 | D:5      | Entered Level 5 of the Dungeon
  5877 | D:5      | XOM: summons 4 hostile shadow creatures
  5909 | D:5      | Reached skill level 9 in Fighting
  5989 | D:5      | Noticed Eustachio
  5989 | D:5      | XOM: chaos upgrade
  6006 | D:5      | Killed Eustachio
  6208 | D:5      | Found a snail-covered altar of Cheibriados.
  6302 | D:5      | Noticed Edmund
  6312 | D:5      | XOM: swap monsters
  6318 | D:5      | Killed Edmund
  6318 | D:5      | Reached skill level 10 in Fighting
  6375 | D:5      | XOM: give mutations
  6375 | D:5      | Gained mutation: You are dopey. (Int -2) [Xom's mischief]
  6375 | D:5      | Gained mutation: You occasionally shout uncontrollably at
                  | your foes. [Xom's mischief]
  6524 | D:5      | XOM: blink monster(s)
  6533 | D:5      | You fall into a shaft and drop 3 floors!
  6819 | D:6      | Identified the +6 dagger of Yredelemnul's Reproof {flame,
                  | rPois} (You found it on level 4 of the Dungeon)
  6823 | D:6      | Found a snail-covered altar of Cheibriados.
  6830 | D:6      | Reached XP level 9. HP: 95/102 MP: 10/10
  7006 | D:6      | XOM: summons 4 hostile demons
  7161 | D:6      | Identified the +6 short sword of the Ageless Dreams {flame,
                  | *Drain rC+ Int+5} (You found it on level 4 of the Dungeon)
  7622 | D:6      | Reached skill level 11 in Fighting
  7715 | D:6      | XOM: draining
  8086 | D:7      | XOM: repel stairs
  8095 | D:7      | XOM: enchant monster (bad)
  8097 | D:7      | XOM: enchant monster (bad)
  8346 | D:7      | Noticed Joseph
  8377 | D:7      | Killed Joseph
  8531 | D:7      | Reached skill level 12 in Fighting
  8585 | D:7      | Noticed Maggie
  8608 | D:7      | Killed Maggie
  8608 | D:7      | Reached skill level 10 in Polearms
  8703 | D:7      | Reached XP level 10. HP: 85/115 MP: 11/11
  8935 | D:7      | Found a staircase to the Ecumenical Temple.
  8944 | D:7      | Learned a level 4 spell: Summon Lightning Spire
  8947 | D:7      | XOM: silly message
  9125 | D:7      | XOM: give mutation
  9125 | D:7      | Gained mutation: You expend magic power (3 MP) to
                  | strengthen your wands. [Xom's grace]
  9128 | D:7      | XOM: 7-stop teleportation journey
  9267 | D:7      | XOM: god gift: hardcover book {god gift}
  9360 | D:8      | Noticed Maurice
  9362 | D:8      | XOM: enchant monster (good)
  9373 | D:8      | Found a blossoming altar of Fedhas.
  9397 | D:8      | Killed Maurice
  9397 | D:8      | Reached skill level 1 in Summonings
  9397 | D:8      | Reached skill level 1 in Air Magic
  9563 | D:8      | XOM: potion effect (might)
  9715 | D:8      | XOM: 2-stop teleportation journey
  9788 | D:8      | XOM: cast spell 'Summon Dragon'
  9937 | D:8      | Noticed Pikel
  9942 | D:8      | XOM: enchant monster (bad)
  9948 | D:8      | XOM: divination: detect items
  9950 | D:8      | XOM: enchant monster (good)
  9959 | D:8      | Killed Pikel
 10003 | D:8      | Noticed Erica
 10041 | D:8      | XOM: give mutations
 10041 | D:8      | Lost mutation: You are dopey. (Int -2) [Xom's mischief]
 10041 | D:8      | Lost mutation: You expend magic power (3 MP) to strengthen
                  | your wands. [Xom's mischief]
 10043 | D:8      | XOM: noise
 10069 | D:8      | Killed Erica
 10240 | D:8      | XOM: 1-stop teleportation journey
 10241 | D:8      | XOM: confuse monster(s)
 10683 | D:8      | Noticed a queen ant
 10691 | D:8      | XOM: swap monsters
 10692 | D:8      | XOM: stat loss: -1 Dex (8/9)
 10701 | D:8      | Noticed a dire elephant
 10701 | D:8      | a queen ant changed into a dire elephant
 10701 | D:8      | XOM: polymorph queen ant -> dire elephant
 11190 | D:8      | Reached XP level 11. HP: 120/123 MP: 1/14
 11326 | D:8      | XOM: give mutations
 11326 | D:8      | Gained mutation: You are frail. (-10% HP) [Xom's mischief]
 11326 | D:8      | Gained mutation: You are clumsy. (Dex -2) [Xom's mischief]
 11326 | D:8      | Lost mutation: You are frail. (-10% HP) [Xom's mischief]
 11326 | D:8      | Gained mutation: You sometimes yell uncontrollably at your
                  | foes. [Xom's mischief]
 11447 | D:8      | Noticed a storm dragon
 11447 | D:8      | a dire elephant changed into a storm dragon
 11447 | D:8      | XOM: polymorph dire elephant -> storm dragon
 11448 | D:8      | Upgraded the game from 0.25-a0-785-gb22c70e859 to
                  | 0.25-a0-803-g58bd18402a
 11572 | D:9      | Found a basalt altar of Yredelemnul.
 11594 | D:9      | XOM: summons 5 friendly demons
 11607 | D:9      | Reached skill level 5 in Summonings
 11607 | D:9      | Reached skill level 5 in Air Magic
 11730 | D:9      | XOM: give mutations
 11730 | D:9      | Gained mutation: You are partially covered in slimy green
                  | scales. (AC +2) [Xom's mischief]
 11730 | D:9      | Gained mutation: Your body sometimes deteriorates upon
                  | taking damage. [Xom's mischief]
 11730 | D:9      | Gained mutation: Scrolls take you a little longer to read.
                  | [Xom's mischief]
 11730 | D:9      | Gained mutation: You have a pair of small antennae on your
                  | head. [Xom's mischief]
 11865 | D:9      | XOM: 4-stop teleportation journey
 11867 | D:9      | XOM: chaos upgrade
 12217 | D:9      | XOM: scenery: create altars
 12496 | D:9      | XOM: summons friendly ufetubus
 12851 | D:9      | Found a glowing golden altar of the Shining One.
 12851 | D:9      | XOM: 8-stop teleportation journey
 12966 | D:9      | XOM: silly message
 13347 | D:9      | XOM is BORED!
 13525 | D:10     | Entered Level 10 of the Dungeon
 13731 | D:10     | XOM: silly message
 14007 | D:10     | Found a staircase to the Lair.
 14089 | D:10     | Found a shimmering blue altar of Sif Muna.
 14092 | D:10     | Noticed a two-headed ogre
 14097 | D:10     | XOM: cleaving
 14104 | D:10     | Killed a two-headed ogre
 14217 | D:10     | Killed an unseen horror
 14270 | D:10     | XOM: give mutations
 14270 | D:10     | Lost mutation: Scrolls take you a little longer to read.
                  | [Xom's mischief]
 14270 | D:10     | Lost mutation: Your body sometimes deteriorates upon taking
                  | damage. [Xom's mischief]
 14425 | D:10     | XOM: scenery: 1 doors close
 14767 | D:10     | XOM: cloud trail
 14873 | D:11     | Noticed a glowing shapeshifter
 14873 | D:11     | a yak changed into a glowing shapeshifter
 14873 | D:11     | XOM: polymorph yak -> glowing shapeshifter
 14873 | D:11     | Noticed a wolf spider
 14873 | D:11     | a glowing shapeshifter changed into a wolf spider
 14880 | D:11     | Noticed a satyr
 14880 | D:11     | a wolf spider changed into a satyr
 14887 | D:11     | Killed a satyr
 15077 | D:11     | XOM: cloud trail
 15148 | D:11     | Found a runed translucent door.
 15149 | D:11     | Noticed hemabe's ghost (journeyman HuAr)
 15149 | D:11     | Noticed a spriggan rider
 15150 | D:11     | Identified the +4 trident "Othrusm" {drain, *Rage rElec
                  | Dex+7}
 15289 | D:11     | XOM: god gift: 53 gold pieces
 15443 | D:11     | Found a staircase to the Orcish Mines.
 15443 | D:11     | XOM: 4-stop teleportation journey
 15452 | D:11     | XOM: potion effect (curing)
 15452 | D:11     | Reached XP level 12. HP: 127/132 MP: 11/15
 15544 | D:11     | Found a roughly hewn altar of Beogh.
 15544 | D:11     | XOM: 6-stop teleportation journey
 15673 | D:11     | Found the amulet of Vitality {Regen+ HP+15}
 15674 | D:11     | XOM: confuse monster(s)
 15741 | D:11     | XOM: divination: magic mapping
 15755 | D:11     | Found an opulent altar of Gozag.
 15793 | D:11     | XOM: scenery: 3 doors open, 1 doors close
 15797 | D:11     | XOM: confuse monster(s)
 16022 | Lair:1   | Entered Level 1 of the Lair of Beasts
 16246 | Lair:1   | XOM: destruction
 16269 | Lair:1   | XOM: divine lightning
 16644 | Lair:1   | Noticed a seven-headed hydra
 16656 | Lair:1   | Killed a seven-headed hydra
 16656 | Lair:1   | Reached skill level 1 in Shields
 16746 | Lair:1   | Noticed Gastronok
 16749 | Lair:1   | XOM: confuse monster(s)
 16752 | Lair:1   | XOM: cleaving
 16758 | Lair:1   | XOM: swap monsters
 16768 | Lair:1   | Killed Gastronok
 16937 | Lair:1   | XOM: summons 2 hostile demons
 17252 | Lair:1   | XOM: god gift: 25 gold pieces
 17423 | Lair:1   | XOM: give mutations
 17423 | Lair:1   | Gained mutation: Your body sometimes deteriorates upon
                  | taking damage. [Xom's mischief]
 17423 | Lair:1   | Gained mutation: You are frail. (-10% HP) [Xom's mischief]
 17423 | Lair:1   | Gained mutation: Scrolls take you a little longer to read.
                  | [Xom's mischief]
 18096 | Lair:2   | XOM: destruction
 18252 | Lair:2   | XOM: give mutations
 18252 | Lair:2   | Lost mutation: Your body sometimes deteriorates upon taking
                  | damage. [Xom's mischief]
 18252 | Lair:2   | Lost mutation: You sometimes yell uncontrollably at your
                  | foes. [Xom's mischief]
 18252 | Lair:2   | Gained mutation: You are very frail. (-20% HP) [Xom's
                  | mischief]
 18252 | Lair:2   | Gained mutation: Your flesh is cold resistant. (rC+) [Xom's
                  | mischief]
 18259 | Lair:2   | XOM: fog
 18261 | Lair:2   | You fall into a shaft and drop 1 floor!
 18298 | Lair:3   | XOM: confusion (+ monsters)
 18300 | Lair:3   | XOM: enchant monster (good)
 18508 | Lair:3   | XOM: summons friendly shadow imp
 18566 | Lair:3   | XOM: polymorph blink frog -> soldier ant
 18608 | Lair:3   | XOM: fog
 18611 | Lair:3   | XOM: summons 12 friendly demons
 18795 | Lair:3   | XOM: stat loss: -1 Dex (6/7)
 18839 | Lair:3   | XOM: polymorph crocodile -> rime drake
 18842 | Lair:3   | Reached XP level 13. HP: 112/112 MP: 16/16
 18891 | Lair:3   | XOM: cast spell 'Summon Hydra'
 19048 | Lair:3   | Learned a level 2 spell: Blink
 19050 | Lair:3   | Learned a level 1 spell: Apportation
 19055 | Lair:3   | XOM: god gift: scroll of teleportation
 19323 | Lair:2   | XOM: fog
 19502 | Lair:2   | You fall into a shaft and drop 2 floors!
 19817 | Lair:4   | XOM: destruction
 19823 | Lair:4   | Reached skill level 10 in Air Magic
 19825 | Lair:4   | Reached skill level 10 in Summonings
 19828 | Lair:4   | XOM: fake destruction
 19830 | Lair:4   | XOM: cast spell 'Discord'
 19831 | Lair:4   | Reached skill level 5 in Shields
 20018 | Lair:4   | Found a staircase to the Snake Pit.
 20042 | Lair:4   | XOM: polymorph porcupine -> wolf
 20285 | Lair:4   | XOM: polymorph yak -> golden eye
 20297 | Lair:4   | XOM: summons friendly iron imp
 20305 | Lair:4   | XOM: scenery: create altars
 20319 | Lair:4   | XOM: god gift: 52 gold pieces
 20417 | Lair:4   | Found a staircase to the Shoals.
 20433 | Lair:4   | Got a brightly glowing morningstar
 20434 | Lair:4   | Identified the +3 morningstar of the Ass {vorpal, Int+4}
                  | (You found it on level 4 of the Lair of Beasts)
 20655 | Lair:4   | XOM: give mutations
 20655 | Lair:4   | Gained mutation: Your flesh is very cold resistant. (rC++)
                  | [Xom's grace]
 20655 | Lair:4   | Gained mutation: You are partially covered in molten
                  | scales. (AC +2) [Xom's grace]
 20655 | Lair:4   | Gained mutation: You are resistant to electric shocks.
                  | (rElec) [Xom's grace]
 20655 | Lair:4   | Gained mutation: You are resistant to hostile enchantments.
                  | (MR+) [Xom's grace]
 21014 | Lair:5   | Reached skill level 1 in Spellcasting
 21043 | Lair:5   | XOM: god gift: steaming demon trident {god gift}
 21100 | Lair:5   | Got a steaming demon trident {god gift}
 21101 | Lair:5   | Identified the +6 demon trident "Newtbane" {chaos, Fragile
                  | rElec rPois Stlth+} (Xom gifted it to you on level 5 of the
                  | Lair of Beasts)
 21144 | Lair:5   | XOM: confuse monster(s)
 21479 | Lair:5   | XOM: scenery: create altars
 21730 | Lair:5   | XOM: cloud trail
 21767 | Lair:6   | Entered Level 6 of the Lair of Beasts
 21775 | Lair:6   | Found a viscous altar of Jiyva.
 21775 | Lair:6   | Found a staircase to the Slime Pits.
 21809 | Lair:6   | XOM: summons friendly ufetubus
 21871 | Lair:6   | XOM: polymorph ufetubus -> iron imp
 21877 | Lair:6   | XOM: cast spell 'Disjunction'
 21962 | Lair:6   | XOM: polymorph blink frog -> rime drake
 22083 | Lair:6   | XOM: 4-stop teleportation journey
 22117 | Lair:6   | XOM: summons friendly ufetubus
 22140 | Lair:6   | XOM: enchant monster (good)
 22336 | Lair:6   | Reached skill level 5 in Spellcasting
 22416 | Lair:6   | Learned a level 5 spell: Aura of Abjuration
 22427 | Lair:6   | XOM: enchant monster (good)
 22436 | Lair:6   | Reached XP level 14. HP: 119/119 MP: 17/21
 22618 | Lair:6   | XOM: snakes to sticks
 22628 | Lair:6   | XOM: repel stairs
 22637 | Lair:6   | XOM: swap monsters
 22770 | Lair:6   | XOM: 2-stop teleportation journey
 22825 | Lair:6   | XOM: give mutations
 22825 | Lair:6   | Lost mutation: Scrolls take you a little longer to read.
                  | [Xom's mischief]
 22825 | Lair:6   | Lost mutation: You occasionally shout uncontrollably at
                  | your foes. [Xom's mischief]
 22857 | Lair:6   | XOM: torment (68/134 hp)
 22935 | Lair:6   | XOM: summons 1 hostile demon
 23008 | Lair:6   | XOM: noise
 23321 | Lair:6   | XOM: enchant monster (bad)
 23418 | Lair:6   | XOM: god gift: ration
 23588 | Orc:1    | Entered Level 1 of the Orcish Mines
 23716 | Orc:1    | XOM: give mutations
 23716 | Orc:1    | Lost mutation: You are very frail. (-20% HP) [Xom's grace]
 23716 | Orc:1    | Gained mutation: Your natural rate of healing is unusually
                  | fast. [Xom's grace]
 23739 | Orc:1    | You fall into a shaft and drop 1 floor!
 23739 | Orc:2    | Entered Level 2 of the Orcish Mines
 23796 | Orc:2    | XOM: confuse monster(s)
 23825 | Orc:2    | XOM: divination: detect creatures
 23901 | Orc:2    | Noticed Sonja
 23937 | Orc:2    | Noticed Sonja
 23937 | Orc:2    | Sonja changed into Sonja the polar bear
 23944 | Orc:2    | Killed Sonja the polar bear
 24043 | Orc:2    | XOM: silly message
 24124 | Orc:2    | Noticed Rupert
 24131 | Orc:2    | XOM: confuse monster(s)
 24135 | Orc:2    | Killed Rupert
 24139 | Orc:2    | XOM: 2-stop teleportation journey
 24156 | Orc:2    | XOM: 1-stop teleportation journey
 24196 | Orc:2    | Found a staircase to the Elven Halls.
 24341 | Orc:2    | XOM: stat loss: -1 Dex (6/7)
 24717 | Orc:1    | XOM: chaos upgrade
 24827 | Orc:1    | XOM: 2-stop teleportation journey
 25205 | Orc:2    | XOM: summons 1 hostile demon
 25232 | Orc:2    | Noticed Saint Roka
 25232 | Orc:2    | XOM: potion effect (haste)
 25237 | Orc:2    | XOM: summons 7 friendly demons
 25243 | Orc:2    | XOM: scenery: create altars
 25245 | Orc:2    | XOM: confuse monster(s)
 25250 | Orc:2    | Killed Saint Roka
 25270 | Orc:2    | XOM: divination: magic mapping
 25275 | Orc:2    | XOM: give mutations
 25275 | Orc:2    | Gained mutation: Your flesh is almost immune to the effects
                  | of cold. (rC+++) [Xom's grace]
 25275 | Orc:2    | Gained mutation: Your system is resistant to poisons.
                  | (rPois) [Xom's grace]
 25275 | Orc:2    | Gained mutation: You are partially covered in large bone
                  | plates. (SH +4) [Xom's grace]
 25305 | Orc:2    | XOM: divination: magic mapping
 25309 | Orc:2    | XOM: enchant monster (good)
 25462 | Orc:2    | Found Raonotot's Book Boutique.
 25463 | Orc:2    | Found Caehac's Armour Shop.
 25463 | Orc:2    | Found Amapsumy's Book Boutique.
 25464 | Orc:2    | Found Yrahezam's Jewellery Boutique.
 25597 | D:12     | XOM: god gift: 8 atropa-tipped darts
 25604 | D:12     | Reached skill level 13 in Fighting
 25611 | D:12     | Reached XP level 15. HP: 143/143 MP: 22/22
 25769 | D:12     | XOM: cleaving
 25839 | D:12     | XOM: cloud trail
 26212 | D:12     | XOM: silly message
 26234 | D:12     | Found a roughly hewn altar of Beogh.
 26357 | D:13     | XOM: torment (81/159 hp)
 26551 | D:13     | Found a hazy altar of Hepliaklqana.
 26580 | D:13     | Noticed Urug
 26600 | D:13     | Killed Urug
 26731 | D:13     | Reached skill level 14 in Fighting
 26770 | D:13     | Noticed Snorg
 26782 | D:13     | Killed Snorg
 26854 | D:13     | Noticed Kirke
 26857 | D:13     | XOM: noise
 26858 | D:13     | XOM: summons 2 hostile demons
 26867 | D:13     | XOM: stat loss: -1 Int (16/17)
 26876 | D:13     | Killed Kirke
 27006 | D:13     | XOM: blink monster(s)
 27012 | D:13     | XOM: confusion (+ monsters)
 27070 | D:13     | Found a gate to the Vaults.
 27119 | D:13     | XOM: polymorph deep elf knight -> merfolk
 27326 | D:14     | XOM: polymorph cyclops -> two-headed ogre
 27633 | D:14     | XOM: silly message
 27685 | D:14     | Reached skill level 15 in Fighting
 27694 | D:14     | XOM: silly message
 27857 | D:14     | XOM: silly message
 27861 | D:14     | XOM: silly message
 27873 | D:14     | XOM: confuse monster(s)
 28163 | D:15     | Entered Level 15 of the Dungeon
 28201 | D:15     | XOM: enchant monster (good)
 28407 | D:15     | Found a staircase to the Depths.
 28498 | D:15     | XOM: divination: magic mapping
 28502 | D:15     | XOM: enchant monster (good)
 28591 | D:15     | XOM: divination: magic mapping
 28596 | D:15     | XOM: noise
 28602 | D:15     | XOM: confusion (+ monsters)
 28720 | D:15     | Reached XP level 16. HP: 161/161 MP: 23/23
 28916 | D:15     | Reached skill level 16 in Fighting
 28943 | D:15     | Found a shattered altar of Ashenzari.
 29299 | Lair:3   | XOM: scenery: create altars
 29335 | Snake:1  | Entered Level 1 of the Snake Pit
 29338 | Snake:1  | XOM: scenery: create altars
 29356 | Snake:1  | XOM: cast spell 'Summon Hydra'
 29566 | Snake:1  | XOM: enchant monster (good)
 29609 | Snake:1  | XOM: cleaving
 29620 | Snake:1  | XOM: scenery: create altars
 29720 | Snake:1  | XOM: potion effect (might)
 29855 | Snake:1  | Noticed Aizul
 29870 | Snake:1  | Killed Aizul
 30078 | Snake:2  | XOM: confuse monster(s)
 30121 | Snake:2  | XOM: enchant monster (bad)
 30190 | Snake:2  | Noticed Frances
 30208 | Snake:2  | Killed Frances
 30208 | Snake:2  | Reached skill level 1 in Throwing
 30221 | Snake:2  | Noticed a nagaraja
 30223 | Snake:2  | XOM: summons 16 friendly demons
 30453 | Snake:2  | Reached skill level 17 in Fighting
 30457 | Snake:2  | XOM: cleaving
 30464 | Snake:2  | XOM: fog
 30468 | Snake:2  | Killed a nagaraja
 30606 | Snake:2  | XOM: destruction
 30613 | Snake:2  | Reached skill level 5 in Evocations
 30778 | Snake:2  | Found Suixtemp's Gadget Boutique.
 30778 | Snake:2  | Found Meitun's Jewellery Emporium.
 30779 | Snake:2  | Found Hinad's Gadget Boutique.
 30801 | Snake:2  | Bought the ring "Qucuhouh" {Ice Int+2 Dex-3 Slay+6 Stlth+}
                  | for 1158 gold pieces
 30844 | Snake:2  | Noticed Azrael
 30866 | Snake:2  | Killed Azrael
 30882 | Snake:2  | Found Agyg's Mayhem Merchandise.
 30883 | Snake:2  | Found the amulet of the Four Winds {rN+ MR+++ Clar}
 30883 | Snake:2  | XOM: give mutation
 30883 | Snake:2  | Lost mutation: You are resistant to hostile enchantments.
                  | (MR+) [Xom's mischief]
 30884 | Snake:2  | XOM: swap monsters
 30886 | Snake:2  | XOM: polymorph naga sharpshooter -> glowing shapeshifter
 30888 | Snake:2  | XOM: noise
 31003 | Snake:2  | XOM: summons 5 hostile demons
 31077 | Snake:3  | XOM: polymorph naga ritualist -> elephant
 31080 | Snake:3  | XOM: enchant monster (good)
 31204 | Snake:3  | XOM: blink monster(s)
 31208 | Snake:3  | XOM: snakes to sticks
 31468 | Snake:3  | XOM: summons friendly white imp
 31487 | Snake:3  | Reached skill level 5 in Throwing
 31497 | Snake:3  | Reached XP level 17. HP: 124/173 MP: 12/24
 31624 | Snake:3  | Identified the Grimoire of Lethal Snow
 31648 | Snake:3  | XOM: noise
 31665 | Snake:3  | XOM: confuse monster(s)
 31720 | Snake:3  | Reached skill level 18 in Fighting
 31815 | Snake:3  | XOM: 3-stop teleportation journey
 31851 | Snake:3  | Found Peliph's Jewellery Boutique.
 32065 | Snake:3  | XOM: cleaving
 32072 | Snake:3  | XOM: give mutations
 32072 | Snake:3  | Gained mutation: You possess an exceptional clarity of
                  | mind. [Xom's grace]
 32072 | Snake:3  | Gained mutation: Your spells are a little harder to cast,
                  | but a little more powerful. [Xom's grace]
 32072 | Snake:3  | Gained mutation: You can translocate small distances at
                  | will. [Xom's grace]
 32106 | Snake:3  | XOM: god gift: knobbly jewelled staff {god gift}
 32406 | Snake:4  | Entered Level 4 of the Snake Pit
 32518 | Snake:4  | XOM: destruction
 32533 | Snake:4  | XOM: destruction
 32551 | Snake:4  | Noticed Vashnia
 32583 | Snake:4  | Killed Vashnia
 32588 | Snake:4  | XOM: summons 14 friendly demons
 33022 | Snake:4  | XOM: 1-stop teleportation journey
 33040 | Snake:4  | XOM: noise
 33046 | Snake:4  | XOM: summons friendly ufetubus
 33048 | Snake:4  | XOM: noise
 33068 | Snake:4  | XOM: confuse monster(s)
 33078 | Snake:4  | XOM: smoke on damage
 33082 | Snake:4  | XOM: summons friendly white imp
 33105 | Snake:4  | XOM: summons friendly white imp
 33107 | Snake:4  | XOM: chaos upgrade
 33115 | Snake:4  | XOM: scenery: create altars
 33119 | Snake:4  | XOM: scenery: create altars
 33168 | Snake:3  | XOM: divination: magic mapping
 33403 | Snake:4  | XOM: 3-stop teleportation journey
 33421 | Snake:4  | XOM: summons 8 hostile demons
 33502 | Snake:4  | XOM: divination: detect items
 33508 | Snake:4  | XOM: polymorph naga -> swamp drake
 33513 | Snake:4  | XOM: cast spell 'Monstrous Menagerie'
 33561 | Snake:4  | Reached skill level 10 in Shields
 33620 | Snake:4  | XOM: confuse monster(s)
 33628 | Snake:4  | XOM: enchant monster (bad)
 33650 | Snake:4  | Reached XP level 18. HP: 86/183 MP: 23/25
 33662 | Snake:4  | XOM: noise
 33735 | Snake:4  | Cast into level 2 of the Abyss (naga mage)
 33940 | Abyss:2  | XOM: divination: detect items
 33949 | Abyss:2  | Noticed a profane servitor
 33955 | Abyss:2  | XOM: enchant monster (good)
 33971 | Abyss:2  | XOM: divination: detect creatures
 34142 | Abyss:3  | Found a corrupted altar of Lugonu.
 34175 | Abyss:3  | Found a corrupted altar of Lugonu.
 34288 | Abyss:3  | XOM: swap monsters
 34312 | Abyss:3  | Found a transporter.
 34330 | Abyss:3  | Noticed a tentacled monstrosity
 34331 | Abyss:3  | XOM: fog
 34340 | Abyss:3  | XOM: polymorph tentacled monstrosity -> tentacled
                  | monstrosity
 34343 | Abyss:3  | Killed a tentacled monstrosity
 34343 | Abyss:3  | Reached skill level 10 in Throwing
 34373 | Snake:4  | Escaped the Abyss
 34550 | Snake:4  | XOM: confuse monster(s)
 34563 | Snake:4  | XOM: enchant monster (bad)
 34714 | Snake:4  | XOM: silly message
 34732 | Snake:4  | XOM: noise
 34923 | Snake:4  | Got a serpentine rune of Zot
 35270 | Shoals:1 | Entered Level 1 of the Shoals
 35293 | Shoals:1 | XOM: polymorph merfolk -> glowing shapeshifter
 35561 | Shoals:1 | XOM: smoke on damage
 35564 | Shoals:1 | XOM: enchant monster (bad)
 35790 | Shoals:1 | Found a sparkling altar of Nemelex Xobeh.
 36061 | Shoals:2 | XOM: draining
 36090 | Shoals:2 | XOM: swap monsters
 36105 | Shoals:2 | XOM: blink monster(s)
 36110 | Shoals:2 | XOM: polymorph merfolk avatar -> alligator
 36223 | Shoals:2 | XOM: polymorph kraken -> alligator snapping turtle
 36726 | Shoals:2 | XOM: polymorph merfolk avatar -> ettin
 36741 | Shoals:2 | XOM: torment (98/183 hp)
 36956 | Shoals:2 | XOM: torment (102/183 hp)
 37169 | Shoals:3 | XOM: stealth player
 37224 | Shoals:3 | XOM: confuse monster(s)
 37233 | Shoals:3 | XOM: swap monsters
 37236 | Shoals:3 | XOM: chaos upgrade
 37666 | Shoals:3 | XOM: smoke on damage
 37817 | Shoals:4 | Entered Level 4 of the Shoals
 37938 | Shoals:4 | XOM: 1-stop teleportation journey
 38010 | Shoals:4 | XOM: stat loss: -1 Dex (3/4)
 38047 | Shoals:4 | XOM: stat loss: -1 Dex (2/4)
 38424 | Shoals:4 | Got a barnacled rune of Zot
 38446 | Shoals:4 | XOM: give mutations
 38446 | Shoals:4 | Lost mutation: You are resistant to electric shocks.
                  | (rElec) [Xom's mischief]
 38446 | Shoals:4 | Lost mutation: You are frail. (-10% HP) [Xom's mischief]
 38489 | Shoals:4 | Reached XP level 19. HP: 211/211 MP: 26/26
 38582 | Shoals:4 | XOM: noise
 38689 | Shoals:4 | XOM: noise
 38998 | Shoals:4 | XOM: 5-stop teleportation journey
 39029 | Shoals:4 | XOM: god gift: 4 silver javelins
 39112 | Shoals:4 | Noticed Ilsuiw
 39121 | Shoals:4 | XOM: give mutations
 39121 | Shoals:4 | Lost mutation: You are clumsy. (Dex -2) [Xom's grace]
 39121 | Shoals:4 | Gained mutation: You are resistant to hostile enchantments.
                  | (MR+) [Xom's grace]
 39121 | Shoals:4 | Gained mutation: Your mind is acute. (Int +2) [Xom's grace]
 39133 | Shoals:4 | XOM: 7-stop teleportation journey
 39250 | Shoals:4 | XOM: divination: detect items
 39401 | Shoals:4 | XOM: god gift: scroll of random uselessness
 39531 | Shoals:1 | XOM: summons 1 hostile demon
 39609 | Lair:1   | XOM: give mutations
 39609 | Lair:1   | Gained mutation: Your muscles are strong. (Str +2) [Xom's
                  | grace]
 39609 | Lair:1   | Gained mutation: You are somewhat resistant to further
                  | mutation. [Xom's grace]
 39688 | Elf:1    | Entered Level 1 of the Elven Halls
 39709 | Elf:1    | XOM: confuse monster(s)
 39759 | Elf:1    | XOM: cast spell 'Cause Fear'
 39815 | Elf:1    | Found a magical portal.
 39824 | WizLab   | Entered Doroklohe's Tomb
 40088 | WizLab   | Noticed a Hell Sentinel
 40163 | Elf:1    | XOM: fake destruction
 40671 | Elf:1    | XOM is BORED!
 40671 | Elf:1    | XOM: swap monsters
 40740 | Elf:1    | XOM: god gift: wand of iceblast (11)
 40820 | Elf:1    | XOM: scenery: create altars
 40860 | Elf:1    | XOM: god gift: runed mace {god gift}
 40887 | Elf:1    | XOM: potion effect (might)
 41057 | Elf:2    | XOM: cloud trail
 41107 | Elf:2    | XOM: confuse monster(s)
 41435 | Elf:2    | XOM: summons 2 friendly demons
 41554 | Elf:2    | XOM: blink monster(s)
 41602 | Elf:2    | XOM: cast spell 'Dispersal'
 41608 | Elf:2    | XOM: 9-stop teleportation journey
 41699 | Elf:2    | XOM: cloud trail
 41735 | Elf:2    | XOM: god gift: book of Burglary
 41774 | Elf:2    | XOM: scenery: 2 doors open, 1 doors close
 41811 | Elf:2    | Found a huge runed translucent gate.
 41811 | Elf:2    | Found a huge runed translucent gate.
 41811 | Elf:2    | Found a huge runed translucent gate.
 41811 | Elf:2    | Found a huge runed translucent gate.
 41815 | Elf:2    | Found a huge runed translucent gate.
 41991 | Elf:3    | Entered Level 3 of the Elven Halls
 41996 | Elf:3    | XOM: scenery: create altars
 41999 | Elf:3    | XOM: enchant monster (good)
 42018 | Elf:3    | XOM: scenery: create altars
 42161 | Elf:3    | XOM: scenery: 2 doors close
 42249 | Elf:3    | XOM: scenery: create altars
 42584 | Elf:3    | Reached XP level 20. HP: 221/221 MP: 27/27
 42609 | Elf:3    | XOM: confuse monster(s)
 42619 | Elf:3    | XOM: polymorph deep elf blademaster -> iron troll
 42622 | Elf:3    | XOM: enchant monster (good)
 42650 | Elf:3    | XOM: cast spell 'Necromutation'
 42657 | Elf:3    | XOM: summons friendly iron imp
 42660 | Elf:3    | XOM: summons friendly ufetubus
 42669 | Elf:3    | Noticed a Brimstone Fiend
 42826 | Elf:3    | Reached skill level 15 in Throwing
 42830 | Elf:3    | Noticed a Tzitzimitl
 42859 | Elf:3    | XOM: summons 8 friendly demons
 42861 | Elf:3    | XOM: stat loss: -1 Str (22/23)
 42875 | Elf:3    | Reached skill level 15 in Shields
 42884 | Elf:3    | XOM: give mutations
 42884 | Elf:3    | Lost mutation: You possess an exceptional clarity of mind.
                  | [Xom's mischief]
 42884 | Elf:3    | Lost mutation: You are partially covered in slimy green
                  | scales. (AC +2) [Xom's mischief]
 42884 | Elf:3    | Lost mutation: Your natural rate of healing is unusually
                  | fast. [Xom's mischief]
 42980 | Elf:3    | Noticed a Tzitzimitl
 43070 | Elf:3    | Identified the +5 flail "Jomoigal" {drain, rElec Int+4}
 43073 | Elf:3    | Identified the ring of the Country {MR+ Int+3 Slay+4
                  | Stlth-}
 43087 | Elf:3    | XOM: draining
 43135 | Elf:3    | Identified the +8 scimitar "Quproekk" {freeze, rPois rF-
                  | MP+9 Int-3 Dex+2}
 43135 | Elf:3    | Identified the ring "Mygy" {rN+ Str+3 Int+6 Dex-4}
 43167 | Elf:3    | Identified the +0 leather armour "Feoss" {Dex+2}
 43167 | Elf:3    | Identified the ring of Fymoxet {+Fly rF+ Str+2}
 43175 | Elf:3    | XOM: chaos upgrade
 43179 | Elf:3    | Identified the ring of Kuorich {rN++ Stlth-}
 43183 | Elf:3    | XOM: silly message
 43191 | Elf:3    | XOM: scenery: create altars
 43229 | Elf:3    | Identified the Incunabulum of Cold and Shape Shifting
 43708 | Depths:1 | Entered Level 1 of the Depths
 43813 | Vaults:1 | Entered Level 1 of the Vaults
 43845 | Vaults:1 | XOM: cast spell 'Call Canine Familiar'
 43992 | D:13     | XOM: god gift: 33 gold pieces
 44014 | Vaults:1 | XOM: 2-stop teleportation journey
 44015 | Vaults:1 | XOM: enchant monster (good)
 44139 | Vaults:1 | XOM: confusion (+ monsters)
 44212 | Vaults:1 | XOM: summons friendly ufetubus
 44215 | Vaults:1 | XOM: enchant monster (good)
 44219 | Vaults:1 | XOM: confuse monster(s)
 44222 | Vaults:1 | Reached skill level 1 in Armour
 44303 | Vaults:1 | XOM: noise
 44321 | Vaults:1 | XOM: confuse monster(s)
 44405 | Vaults:1 | XOM: cast spell 'Leda's Liquefaction'
 44414 | Vaults:1 | XOM: silly message
 44472 | Vaults:1 | XOM: divination: detect creatures
 44485 | Vaults:1 | XOM: divination: detect items
 44534 | Vaults:1 | XOM: enchant monster (bad)
 44563 | Vaults:1 | Found Xuyv's Antique Weapon Boutique.
 44606 | Vaults:1 | XOM: confuse monster(s)
 44621 | Vaults:1 | XOM: silly message
 44645 | Vaults:1 | Found Ytodd's Assorted Antiques.
 44651 | Vaults:1 | Bought a scroll of enchant weapon for 210 gold pieces
 44651 | Vaults:1 | Bought a potion of resistance for 280 gold pieces
 44764 | Vaults:1 | XOM: confuse monster(s)
 45139 | Vaults:1 | Reached XP level 21. HP: 208/231 MP: 30/30
 45140 | Vaults:1 | XOM: enchant monster (good)
 45143 | Vaults:1 | XOM: enchant monster (bad)
 45573 | Snake:2  | Bought the ring "Atitwuept" {rElec MR+ Int+4 Dex+6 SInv}
                  | for 1268 gold pieces
 45575 | Snake:2  | Bought a wand of paralysis (9) for 209 gold pieces
 45875 | Vaults:2 | XOM: potion effect (berserk rage)
 45876 | Vaults:2 | XOM: confuse monster(s)
 45906 | Vaults:2 | XOM: enchant monster (good)
 46022 | Vaults:2 | XOM: summons 4 hostile shadow creatures
 46067 | Vaults:2 | XOM: silly message
 46400 | Vaults:2 | Reached skill level 5 in Dodging
 46415 | Vaults:2 | XOM: 1-stop teleportation journey
 46472 | Vaults:2 | Learned a level 2 spell: Swiftness
 46475 | Vaults:2 | Learned a level 2 spell: Passwall
 46482 | Vaults:2 | Learned a level 6 spell: Shadow Creatures
 46485 | Vaults:2 | Learned a level 2 spell: Sublimation of Blood
 46512 | Vaults:2 | XOM: god gift: potion of curing
 46517 | Vaults:2 | XOM: draining
 46571 | Vaults:2 | Found a runed translucent door.
 46571 | Vaults:2 | Noticed Lofupn's ghost (adept SpEn)
 46687 | Vaults:2 | XOM: summons 1 hostile demon
 46777 | Vaults:2 | Noticed Boris
 46798 | Vaults:2 | Killed Boris
 46980 | Vaults:2 | Reached skill level 19 in Fighting
 46983 | Vaults:2 | XOM: enchant monster (bad)
 47071 | Vaults:2 | XOM: summons friendly shadow imp
 47233 | Vaults:2 | Found a staircase to the Crypt.
 47249 | Vaults:2 | XOM: silly message
 47402 | Vaults:2 | XOM: confuse monster(s)
 47463 | Vaults:2 | Reached skill level 5 in Armour
 47558 | Vaults:2 | XOM: give mutations
 47558 | Vaults:2 | Lost mutation: You are partially covered in large bone
                  | plates. (SH +4) [Xom's mischief]
 47558 | Vaults:2 | Gained mutation: Scrolls take you a little longer to read.
                  | [Xom's mischief]
 47905 | Vaults:2 | Killed Lofupn's ghost
 47981 | Vaults:3 | Noticed Mara
 47985 | Vaults:3 | XOM: scenery: 1 doors open
 47989 | Vaults:3 | Killed Mara
 48051 | Vaults:3 | XOM: scenery: create altars
 48057 | Vaults:3 | XOM: confusion (+ monsters)
 48067 | Vaults:3 | XOM: scenery: create altars
 48166 | Vaults:3 | XOM: 2-stop teleportation journey
 48253 | Vaults:3 | XOM: cloud trail
 48293 | Vaults:3 | XOM: swap monsters
 48399 | Vaults:3 | XOM: confuse monster(s)
 48400 | Vaults:3 | XOM: divination: detect creatures
 48460 | Vaults:3 | Reached XP level 22. HP: 244/244 MP: 35/35
 48462 | Vaults:3 | XOM: cleaving
 48617 | Vaults:3 | XOM: scenery: 2 doors close
 48860 | Vaults:3 | XOM: give mutations
 48860 | Vaults:3 | Gained mutation: Your natural rate of healing is unusually
                  | fast. [Xom's grace]
 48860 | Vaults:3 | Lost mutation: Scrolls take you a little longer to read.
                  | [Xom's grace]
 48860 | Vaults:3 | Gained mutation: You have supernaturally acute eyesight.
                  | (SInv) [Xom's grace]
 48922 | Vaults:3 | XOM: confuse monster(s)
 49038 | Vaults:3 | Found a huge runed gate.
 49038 | Vaults:3 | Found a huge runed gate.
 49038 | Vaults:3 | Found a huge runed gate.
 49041 | Vaults:3 | Found a huge runed gate.
 49041 | Vaults:3 | Found a huge runed gate.
 49042 | Vaults:3 | Found a huge runed gate.
 49042 | Vaults:3 | Found a huge runed gate.
 49042 | Vaults:3 | Found a huge runed gate.
 49042 | Vaults:3 | Found a huge runed gate.
 49043 | Vaults:3 | Found a huge runed gate.
 49046 | Vaults:3 | Found a huge runed gate.
 49046 | Vaults:3 | Found a huge runed gate.
 49046 | Vaults:3 | Found a huge runed gate.
 49046 | Vaults:3 | Found a huge runed gate.
 49046 | Vaults:3 | Found a huge runed gate.
 49046 | Vaults:3 | Found a huge runed gate.
 49046 | Vaults:3 | Found a huge runed gate.
 49047 | Vaults:3 | Found a huge runed gate.
 49048 | Vaults:3 | Found a huge runed gate.
 49067 | Vaults:3 | Found a huge runed gate.
 49067 | Vaults:3 | Found a huge runed gate.
 49067 | Vaults:3 | Found a huge runed gate.
 49067 | Vaults:3 | Found a huge runed gate.
 49067 | Vaults:3 | Found a huge runed gate.
 49067 | Vaults:3 | Found a huge runed gate.
 49067 | Vaults:3 | Found a huge runed gate.
 49068 | Vaults:3 | Found a huge runed gate.
 49069 | Vaults:3 | Found a huge runed gate.
 49081 | Vaults:3 | Found a huge runed gate.
 49081 | Vaults:3 | Found a huge runed gate.
 49081 | Vaults:3 | Found a huge runed gate.
 49081 | Vaults:3 | Found a huge runed gate.
 49081 | Vaults:3 | Found a huge runed gate.
 49081 | Vaults:3 | Found a huge runed gate.
 49182 | Vaults:3 | Found a huge runed gate.
 49183 | Vaults:3 | Found a huge runed gate.
 49321 | Vaults:3 | XOM: divination: detect items
 49325 | Vaults:3 | XOM: confuse monster(s)
 49456 | Vaults:3 | XOM: cleaving
 49463 | Vaults:3 | Reached skill level 10 in Spellcasting
 49465 | Vaults:3 | XOM: polymorph great orb of eyes -> satyr
 49837 | Vaults:4 | XOM: divine lightning
 49846 | Vaults:4 | XOM: polymorph stone giant -> sphinx
 49856 | Vaults:4 | XOM: chaos cloud
 49858 | Vaults:4 | Reached skill level 20 in Fighting
 49866 | Vaults:4 | Paralysed by you for 4 turns
 49871 | Vaults:4 | XOM: enchant monster (bad)
 49892 | Vaults:4 | XOM: enchant monster (good)
 50114 | Vaults:4 | Noticed Boris
 50116 | Vaults:4 | XOM: 2-stop teleportation journey
 50137 | Vaults:3 | XOM: swap monsters
 50158 | Vaults:4 | XOM: give mutations
 50158 | Vaults:4 | Lost mutation: You are somewhat resistant to further
                  | mutation. [Xom's mischief]
 50158 | Vaults:4 | Lost mutation: Your spells are a little harder to cast, but
                  | a little more powerful. [Xom's mischief]
 50158 | Vaults:4 | Gained mutation: You occasionally shout uncontrollably at
                  | your foes. [Xom's mischief]
 50212 | Vaults:4 | XOM: silly message
 50226 | Vaults:4 | XOM: summons 7 hostile demons
 50281 | Vaults:4 | XOM: swap monsters
 50290 | Vaults:4 | XOM: swap monsters
 50336 | Vaults:4 | XOM: polymorph vault sentinel -> komodo dragon
 50354 | Vaults:4 | XOM: confusion
 50382 | Vaults:4 | Reached skill level 15 in Summonings
 50523 | Vaults:4 | XOM: destruction
 50531 | Vaults:4 | XOM: confusion
 50559 | Vaults:4 | XOM: 3-stop teleportation journey
 50568 | Vaults:4 | XOM: swap monsters
 50573 | Vaults:4 | XOM: chaos upgrade
 50700 | Vaults:4 | XOM: summons 3 friendly demons
 50880 | Vaults:4 | XOM: god gift: potion of flight
 50971 | Vaults:4 | XOM: 2-stop teleportation journey
 51039 | Vaults:4 | XOM: enchant monster (bad)
 51045 | Vaults:4 | XOM: scenery: 1 doors close
 51091 | Vaults:4 | XOM: divination: detect items
 51194 | Vaults:4 | Found a roughly hewn altar of Beogh.
 51280 | Vaults:4 | XOM: cloud trail
 51866 | Depths:1 | Upgraded the game from 0.25-a0-803-g58bd18402a to
                  | 0.25-a0-815-gab441bd002
 51985 | Depths:1 | Found a gateway to Hell.
 52030 | Depths:1 | XOM: enchant monster (good)
 52068 | Depths:1 | XOM: polymorph ettin -> alligator
 52085 | Depths:1 | Reached skill level 21 in Fighting
 52086 | Depths:1 | XOM: confusion
 52095 | Depths:1 | XOM: noise
 52190 | Depths:1 | XOM: 4-stop teleportation journey
 52262 | Depths:1 | XOM: confusion (+ monsters)
 52332 | Depths:1 | Found Urgher's Distillery.
 52343 | Depths:1 | Bought a potion of haste for 160 gold pieces
 52359 | Depths:1 | XOM: give mutation
 52359 | Depths:1 | Lost mutation: You can translocate small distances at will.
                  | [Xom's mischief]
 52502 | Depths:1 | Found a one-way gate leading to the halls of Pandemonium.
 52541 | Depths:1 | XOM is BORED!
 52556 | Depths:1 | XOM: give mutations
 52556 | Depths:1 | Gained mutation: You evolve. [Xom's mischief]
 52556 | Depths:1 | Lost mutation: You are resistant to hostile enchantments.
                  | (MR+) [Xom's mischief]
 52556 | Depths:1 | Lost mutation: Your mind is acute. (Int +2) [Xom's
                  | mischief]
 52556 | Depths:1 | Lost mutation: Your muscles are strong. (Str +2) [Xom's
                  | mischief]
 52760 | Depths:1 | Identified the cursed +1 robe of Undesirable Species {rC+}
 52789 | Depths:1 | Gained mutation: You are partially covered in icy blue
                  | scales. (AC +2) [evolution]
 52796 | Depths:1 | Found a radiant altar of Vehumet.
 52803 | Depths:1 | Reached XP level 23. HP: 260/260 MP: 37/37
 52807 | Depths:1 | Got a spiked hat
 52808 | Depths:1 | Identified the +1 hat of the Black Moon {rElec} (You found
                  | it on level 1 of the Depths)
 52969 | Depths:2 | XOM: blink monster(s)
 52972 | Depths:2 | Reached skill level 1 in Translocations
 52972 | Depths:2 | Reached skill level 1 in Transmutations
 53005 | Depths:2 | XOM: noise
 53053 | Depths:2 | XOM: confusion
 53348 | Depths:2 | XOM: enchant monster (good)
 53699 | Depths:2 | XOM: cast spell 'Discord'
 53709 | Depths:2 | Noticed a golden dragon
 53714 | Depths:2 | Killed a golden dragon
 53823 | Depths:2 | XOM: confusion
 53825 | Depths:2 | XOM: enchant monster (good)
 53958 | Depths:2 | XOM: summons 5 hostile demons
 54068 | Depths:2 | XOM: 3-stop teleportation journey
 54079 | Depths:2 | Reached skill level 10 in Armour
 54156 | Depths:2 | Reached skill level 5 in Translocations
 54161 | Depths:2 | XOM: torment (139/276 hp)
 54400 | Depths:2 | XOM: noise
 54516 | Depths:2 | Noticed a juggernaut
 54518 | Depths:2 | Noticed a golden dragon
 54518 | Depths:2 | a juggernaut changed into a golden dragon
 54518 | Depths:2 | XOM: polymorph juggernaut -> golden dragon
 54527 | Depths:2 | Killed a golden dragon
 54527 | Depths:2 | Reached skill level 22 in Fighting
 54534 | Depths:2 | XOM: polymorph frost giant -> torpor snail
 54597 | Depths:2 | Identified the ring of Wuadim {rPois Int+2} (You found it
                  | on level 2 of the Depths)
 54731 | Depths:3 | XOM: swap monsters
 54739 | Depths:3 | XOM: swap monsters
 54744 | Depths:3 | XOM: polymorph brown very ugly thing -> red very ugly thing
 54813 | Depths:3 | XOM: chaos cloud
 55078 | Depths:3 | XOM: 2-stop teleportation journey
 55083 | Depths:3 | XOM: 1-stop teleportation journey
 55089 | Depths:3 | Reached skill level 23 in Fighting
 55213 | Depths:3 | XOM: 1-stop teleportation journey
 55238 | Depths:3 | XOM: chaos upgrade
 55307 | Depths:3 | Noticed Frederick
 55321 | Depths:3 | XOM: enchant monster (bad)
 55325 | Depths:3 | Killed Frederick
 55325 | Depths:3 | Reached XP level 24. HP: 277/277 MP: 37/37
 55419 | Depths:3 | Found a gateway to a ziggurat.
 55430 | Depths:3 | XOM: enchant monster (bad)
 55703 | Depths:3 | XOM: potion effect (curing)
 55909 | Depths:3 | Gained mutation: You have a somewhat thin skeletal
                  | structure. (Dex +2, Stealth) [evolution]
 55929 | Depths:3 | XOM: noise
 55940 | Depths:3 | Reached skill level 24 in Fighting
 56013 | Depths:3 | XOM: divination: magic mapping
 56026 | Depths:3 | XOM: divination: detect items
 56413 | Depths:4 | XOM: confusion (+ monsters)
 56420 | Depths:4 | XOM: summons 2 friendly demons
 56428 | Depths:4 | XOM: silly message
 56466 | Depths:4 | XOM: blink monster(s)
 56559 | Depths:4 | XOM: divination: magic mapping
 56570 | Depths:4 | XOM: noise
 56627 | Depths:4 | Found a one-way gate to the infinite horrors of the Abyss.
 56773 | Depths:4 | XOM: silly message
 56800 | Depths:4 | XOM: draining
 56976 | Depths:4 | XOM: enchant monster (bad)
 56985 | Depths:4 | XOM: give mutations
 56985 | Depths:4 | Gained mutation: You have sharp toenails. [Xom's grace]
 56985 | Depths:4 | Gained mutation: You expend magic power (3 MP) to
                  | strengthen your wands. [Xom's grace]
 56985 | Depths:4 | Gained mutation: You can translocate small distances at
                  | will. [Xom's grace]
 56985 | Depths:4 | Gained mutation: You are resistant to electric shocks.
                  | (rElec) [Xom's grace]
 57007 | Depths:4 | Reached skill level 25 in Fighting
 57055 | Depths:4 | Identified the Almanac of Flight
 57194 | Depths:5 | Entered Level 5 of the Depths
 57211 | Depths:5 | Noticed a juggernaut
 57368 | Depths:4 | XOM: 8-stop teleportation journey
 57411 | Depths:5 | Noticed Sojobo
 57429 | Depths:4 | XOM: give mutations
 57429 | Depths:4 | Gained mutation: You are resistant to hostile enchantments.
                  | (MR+) [Xom's grace]
 57429 | Depths:4 | Gained mutation: You have a pair of antennae on your head.
                  | [Xom's grace]
 57429 | Depths:4 | Gained mutation: You are covered in fur. (AC +1) [Xom's
                  | grace]
 57429 | Depths:4 | Gained mutation: Your mind is acute. (Int +2) [Xom's grace]
 57465 | Depths:4 | XOM: cast spell 'Leda's Liquefaction'
 57531 | Depths:5 | Noticed Sojobo
 57531 | Depths:5 | Sojobo changed into Sojobo the juggernaut
 57531 | Depths:5 | XOM: polymorph Sojobo -> Sojobo the juggernaut
 57546 | Depths:4 | XOM: summons 12 hostile demons
 57614 | Depths:4 | Killed Sojobo the juggernaut
 57650 | Depths:5 | XOM: blink monster(s)
 57653 | Depths:5 | XOM: noise
 57656 | Depths:5 | Noticed Mennas
 57671 | Depths:5 | Killed Mennas
 57671 | Depths:5 | Reached skill level 26 in Fighting
 57759 | Depths:5 | Noticed a caustic shrike
 57765 | Depths:5 | Noticed a caustic shrike
 57765 | Depths:5 | Noticed a caustic shrike
 57766 | Depths:5 | XOM: cast spell 'Dispersal'
 57766 | Depths:5 | Noticed a caustic shrike
 57767 | Depths:5 | Noticed a caustic shrike
 57772 | Depths:5 | Killed a caustic shrike
 57777 | Depths:5 | Killed a caustic shrike
 57779 | Depths:5 | XOM: enchant monster (good)
 57784 | Depths:5 | Killed a caustic shrike
 57784 | Depths:5 | XOM: summons friendly crimson imp
 57790 | Depths:5 | XOM: noise
 57791 | Depths:5 | Killed a caustic shrike
 57792 | Depths:5 | Killed a caustic shrike
 57792 | Depths:5 | Reached XP level 25. HP: 219/301 MP: 31/37
 57807 | Depths:5 | XOM: noise
 57840 | Depths:5 | XOM: divination: magic mapping
 57843 | Depths:5 | XOM: noise
 57866 | Depths:5 | Noticed a juggernaut
 57871 | Depths:5 | XOM: fog
 57881 | Depths:5 | Killed a juggernaut
 57881 | Depths:5 | Reached skill level 27 in Fighting
 58100 | Depths:5 | XOM: god gift: lumpy emerald amulet {god gift}
 58228 | Depths:5 | Found a gate to the Realm of Zot.
 58228 | Depths:5 | XOM: 2-stop teleportation journey
 58231 | Depths:5 | Killed a juggernaut
 58262 | Depths:5 | XOM: confusion
 58408 | Depths:5 | XOM: confusion
 58411 | Depths:5 | XOM: 3-stop teleportation journey
 58432 | Depths:5 | XOM: summons 10 hostile demons
 58453 | Depths:5 | XOM: silly message
 58789 | Depths:5 | XOM: summons 3 hostile shadow creatures
 58790 | Depths:5 | Noticed a juggernaut
 58973 | Depths:5 | Found a portal to a secret trove of treasure.
 59366 | D:11     | XOM: give mutations
 59366 | D:11     | Lost mutation: Your flesh is almost immune to the effects
                  | of cold. (rC+++) [Xom's mischief]
 59366 | D:11     | Lost mutation: Your mind is acute. (Int +2) [Xom's
                  | mischief]
 59366 | D:11     | Lost mutation: You are resistant to hostile enchantments.
                  | (MR+) [Xom's mischief]
 59468 | Orc:2    | Bought the ring of Liobbut {rCorr Str+3 Int+5 Slay+2} for
                  | 574 gold pieces
 59697 | Slime:1  | Entered Level 1 of the Pits of Slime
 59725 | Slime:1  | XOM: noise
 59899 | Slime:3  | Noticed Dissolution
 59910 | Slime:3  | Killed Dissolution
 59929 | Slime:3  | XOM: cleaving
 60073 | Slime:5  | Entered Level 5 of the Pits of Slime
 60087 | Slime:5  | XOM: repel stairs
 60203 | Slime:5  | Found a viscous altar of Jiyva.
 60204 | Slime:5  | Noticed the Royal Jelly
 60228 | Slime:5  | Killed the Royal Jelly
 60235 | Slime:5  | XOM: summons 5 hostile demons
 60244 | Slime:5  | Reached XP level 26. HP: 216/314 MP: 33/37
 60261 | Slime:5  | Identified the Almanac of the Frigorific Voyage
 60277 | Slime:5  | Identified the ring "Osudihek" {*Drain rElec Int+6 Stlth-}
                  | (You found it on level 5 of the Pits of Slime)
 60289 | Slime:5  | Identified Zecokhlo's Catalogue of Attacks
 60296 | Slime:5  | Found the +3 giant club "Skullcrusher" {speed, Str+7}
 60315 | Slime:5  | Got a slimy rune of Zot
 60326 | Slime:5  | XOM: 2-stop teleportation journey
 60333 | Slime:5  | XOM: swap monsters
 60337 | Slime:5  | XOM: summons 9 friendly demons
 60351 | Slime:5  | Lost mutation: Your system is resistant to poisons. (rPois)
                  | [evolution]
 60398 | Slime:5  | Identified the +3 spear "Avoc" {vorpal, rElec rF+ MP-9
                  | Dex+9} (You found it on level 5 of the Pits of Slime)
 60422 | Slime:5  | Identified the Reference Book on the Lucky Blaze
 60471 | Slime:5  | Identified the +5 dagger of Fundamental Breach {protect,
                  | +Fly Str+4 Dex+2} (You found it on level 5 of the Pits of
                  | Slime)
 60773 | D:15     | Cast into level 5 of the Abyss (Xom)
 60773 | Abyss:5  | Entered Level 5 of the Abyss
 60928 | Abyss:5  | XOM: stat loss: -1 Dex (9/10)
 60930 | Abyss:5  | Reached skill level 10 in Evocations
 61063 | Abyss:5  | XOM: silly message
 61086 | Abyss:5  | XOM: swap monsters
 61120 | Abyss:5  | Found a transporter.
 61130 | Abyss:5  | XOM: blink monster(s)
 61144 | Abyss:5  | XOM: blink monster(s)
 61157 | Abyss:5  | Got an abyssal rune of Zot
 61161 | Abyss:5  | XOM: noise
 61184 | D:15     | Escaped the Abyss
 61482 | Zot:1    | Entered Level 1 of the Realm of Zot
 61722 | Zot:1    | XOM: noise
 61727 | Zot:1    | XOM: summons 5 friendly demons
 61733 | Zot:1    | XOM: polymorph hellwing -> orange demon
 61899 | Zot:4    | XOM: enchant monster (bad)
 61903 | Zot:4    | XOM: potion effect (curing)
 62350 | Zot:5    | Entered Level 5 of the Realm of Zot
 62362 | Zot:5    | XOM: enchant monster (good)
 62403 | Zot:5    | Found a glowing silver altar of Zin.
 62483 | Zot:5    | XOM: enchant monster (good)
 62514 | Zot:5    | XOM: confuse monster(s)
 62713 | Zot:5    | Found a basalt altar of Yredelemnul.
 63130 | Zot:5    | XOM: 2-stop teleportation journey
 63204 | Zot:5    | XOM: scenery: create altars
 63207 | Zot:5    | Noticed an ancient lich
 63212 | Zot:5    | Killed an ancient lich
 63212 | Zot:5    | Reached skill level 10 in Dodging
 63508 | Zot:5    | XOM: god gift: broad axe {god gift}
 63525 | Zot:5    | Noticed an orb of fire
 63529 | Zot:5    | Gained mutation: You tend to lose your temper in combat.
                  | [an orb of fire]
 63530 | Zot:5    | Noticed a Killer Klown
 63531 | Zot:5    | XOM: potion effect (heal wounds)
 63532 | Zot:5    | Killed an orb of fire
 63532 | Zot:5    | Reached XP level 27. HP: 267/323 MP: 37/37
 63551 | Zot:5    | XOM: polymorph storm dragon -> dire elephant
 63558 | Zot:5    | Noticed a juggernaut
 63558 | Zot:5    | a Killer Klown changed into a juggernaut
 63558 | Zot:5    | XOM: polymorph Killer Klown -> juggernaut
 63578 | Zot:5    | Noticed an ancient lich
 63578 | Zot:5    | Noticed an orb of fire
 63579 | Zot:5    | Noticed an ancient lich
 63580 | Zot:5    | Gained mutation: Armour fits poorly on your strangely
                  | shaped body. [an orb of fire]
 63587 | Zot:5    | XOM: fake destruction
 63587 | Zot:5    | Noticed an ancient lich
 63602 | Zot:5    | Killed from afar by a purple draconian

Levels and vault maps discovered:
D:1:      nzn_arrival_crosshair, layout_basic
D:2:      layout_basic, grunt_temple_overflow_octagram, uniq_natasha
D:3:      layout_basic, nicolae_overflow_hidden_temple
D:4:      cheibrodos_barr_body, layout_rooms, nicolae_dithmenos_the_darkroom,
          gammafunk_ghost_mausoleum, first_ration, okawaru_altar_gauntlet_db
D:5:      layout_cave_pools, cheibrodos_worm_habitat, uniq_eustachio,
          uniq_edmund
D:6:      layout_basic, minmay_ruined_shrine
D:7:      layout_loops_ring, minmay_temple_entry_offerings, uniq_joseph,
          uniq_maggie
D:8:      layout_cave_pools, fedhas_altar_3, glass_columns_b,
          hangedman_little_slice_of_home, zaba_antful_of_joy, uniq_pikel,
          uniq_maurice, uniq_erica
D:9:      nrook_guardian_serpent_snake_passage, layout_irregular_city,
          nicolae_tso_besieged_by_evil, nicolae_overflow_crystal_walls,
          grunt_decor_mini_mirrors
D:10:     layout_stronghold, lair_entry_dummy, basic_altar
D:11:     layout_roguey, minmay_orc_entry_temple_small,
          ebering_ghost_funeral_grove, lemuel_centaur_altar
D:12:     layout_roguey, special_room [special_room_orc],
          onia_ninara_dug_in_and_dangerous
D:13:     layout_rooms, grunt_vaults_entry_fortified, basic_altar, uniq_urug,
          uniq_kirke, uniq_snorg
D:14:     layout_irregular_city
D:15:     grunt_enter_depths_hoard, layout_long_grid,
          nicolae_ashenzari_panopticon
Lair:1:   layout_hall_layers, special_room [special_room_bee], uniq_gastronok
Lair:2:   layout_chaotic_city
Lair:3:   layout_gridlike
Lair:4:   layout_small_grid, shoals_dummy_entry, dummy_snake_entry,
          enter_volcano_2
Lair:5:   layout_small_grid
Lair:6:   minmay_lair_end_enchanted_forest, layout_cave_pods, slime_altar_1,
          minmay_stone_trees_small
Shoals:1: layout_shoals, lemuel_oklob_altar
Shoals:2: layout_shoals, nicolae_shoals_square_sea_wall,
          nicolae_shoals_kraken_party
Shoals:3: layout_shoals
Shoals:4: shoals_end_simple, layout_shoals, shoals_ilsuiw_alternative
Snake:1:  layout_misc_corridors, uniq_aizul
Snake:2:  layout_rooms, minmay_shop_mayhem, minmay_shop_grove, uniq_frances,
          uniq_azrael
Snake:3:  layout_grid_shapes, nrook_loot_triangle,
          minmay_shop_enchanted_jewellery
Snake:4:  snake_pit, layout_cave_town, uniq_vashnia
Slime:1:  layout_caves
Slime:2:  layout_caves, cheibrodos_slime_lost_civilization_4
Slime:3:  layout_caves, dissolution_awaits
Slime:4:  layout_caves
Slime:5
Orc:1:    nicolae_orc_accident_1, layout_caves
Orc:2:    st_orc_pillars, layout_diamond_mine, uniq_rupert, uniq_sonja,
          uniq_saint_roka
Elf:1:    eino_elf_arrival_sip, layout_rooms, mu_enter_wizlab_2,
          hangedman_elf_represent
Elf:2:    layout_geoelf_diagonals
Elf:3:    minmay_elf_hall_circle, layout_geoelf_diagonals, st_stairs_11
Vaults:1: hangedman_vaults_restitches, v_misc_28, vaults_room_stairs_pillars,
          nicolae_vaults_network_square, ontoclasm_vaults_idyll,
          hangedman_vaults_capsules, hangedman_vaults_nails, v_misc_14,
          vaults_room_octagon, nicolae_vaults_big_angled_halls,
          nicolae_vaults_network_quinsquares
          [nicolae_vaults_network_quincunx_subvault,
          nicolae_vaults_network_quincunx_subvault,
          nicolae_vaults_network_quincunx_subvault,
          nicolae_vaults_network_quincunx_subvault], nicolae_vaults_asterisk,
          layout_vaults_maze_snakey, serial_shops, shop,
          nicolae_shop_behind_doors
Vaults:2: gammafunk_vaults_ghost_grave, vaults_dpeg_diagonal,
          hangedman_vaults_river_flow, nicolae_vaults_network_barrier,
          minmay_crypt_entry_simple_box, nicolae_vaults_shelves_hall,
          nicolae_vaults_little_squares_2, v_misc_11, nicolae_vaults_theta,
          hangedman_vaults_slice, nicolae_vaults_mini_display_case,
          layout_vaults_omnigrid, uniq_boris
Vaults:3: nicolae_vaults_little_ls, hangedman_vaults_pinch, vaults_room_pool,
          nicolae_vaults_shelves_hall, v_misc_29, nicolae_vaults_hallways_thing,
          ontoclasm_vaults_bender, vaults_room_pool, hangedman_vaults_maws,
          nicolae_vaults_big_angled_halls, grunt_vaults_bifocal,
          vaults_door_vault, vaults_mumra_hexcomb,
          nicolae_vaults_network_quincunx
          [nicolae_vaults_network_quincunx_subvault,
          nicolae_vaults_network_quincunx_subvault,
          nicolae_vaults_network_quincunx_subvault,
          nicolae_vaults_network_quincunx_subvault,
          nicolae_vaults_network_quincunx_subvault], grunt_vaults_hallway_short,
          nicolae_vaults_diagonal_hallway_8, layout_vaults_omnibox, uniq_mara
Vaults:4: hangedman_vaults_corner_blocks, special_room_vaults
          [special_room_orc], nicolae_vaults_network_periphery,
          grunt_vaults_twisty, v_misc_16, hangedman_vaults_cutoff,
          vaults_room_fancy_cross, v_misc_10, v_rooms_1,
          ontoclasm_vaults_shuriken, nicolae_vaults_shelves_hall,
          nicolae_vaults_alarming, vaults_dpeg_hooks, layout_vaults_omnicross
Depths:1: layout_cave_pools, pan_entry, grunt_metal_band, serial_shops,
          nicolae_shop_crystal, nrook_mini_backslash, grunt_tower_of_power,
          firewood_loft, infiniplex_staircase_pool_lava, serial_bayou_shore_a
Depths:2: angbandy_vault, layout_cave_shapes, hell_entry, serial_bayou_pond_a,
          skrybe_limestone_x, infiniplex_staircase_squiggle
Depths:3: nicolae_whirlpool, layout_basic, enter_ziggurat_e,
          pf_hell_entry_tar_river, hex_intersection, rand_demon_pan_entry_1,
          uniq_frederick
Depths:4: cheibrodos_birdhouse, layout_basic, hell_entry, abyss_entry,
          hangedman_research_electronics, minmay_staircase_windowed_large
Depths:5: grunt_zot_entry_funnels, layout_basic, trove_entry_hex_spiral,
          hangedman_geh_valley, onia_ninara_cookie, uniq_mennas, uniq_margery,
          uniq_sojobo
Zot:1:    layout_basic, grunt_megastairs_5
Zot:2:    layout_gridlike, ebering_ghost_rock_garden
Zot:3:    layout_basic, lemuel_flame_loot_1
Zot:4:    kennysheep_room_grid, layout_onion, st_stairs_10,
          chequers_guarded_unrand_mask_of_the_dragon
Zot:5:    layout_basic, bh_zot_ikea_curve, hangedman_feature_mirror

Skill      XL: |  1  2  3  4  5  6  7  8  9 10 11 12 13 14 15 16 17 18 19 20 21 22 23 24 25 26 |
---------------+-------------------------------------------------------------------------------+-----
Fighting       | 5 6 7 8 10 12 13 15 17 18 19 21 23 26 27 | 27.0
Polearms       | 4 5 6 8 10 11 14 | 14.0
Evocations     | 1 2 4 6 8 9 11 | 11.3
Maces & Flails | 1 |  1.2
Summonings     | 4 7 9 10 12 13 14 15 | 15.0
Air Magic      | 4 7 9 10 | 10.0
Shields        | 4 8 9 10 12 14 15 | 15.0
Spellcasting   | 5 6 9 10 | 10.0
Throwing       | 5 9 12 14 16 18 | 18.0
Armour         | 2 5 8 10 11 12 | 12.5
Dodging        | 3 5 7 10 | 10.3
Translocations | 5 |  5.0
Transmutations | 4 |  4.0

Action                   |  1- 3 |  4- 6 |  7- 9 | 10-12 | 13-15 | 16-18 | 19-21 | 22-24 | 25-27 || total
-------------------------+-------+-------+-------+-------+-------+-------+-------+-------+-------++-------
Melee: Spear             |    83 |   152 |       |       |       |       |       |       |       ||   235
       Unarmed           |    20 |    23 |       |       |       |       |       |       |       ||    43
       Whip              |       |    74 |    48 |       |       |       |       |       |       ||   122
       Dagger            |       |    27 |     8 |       |       |       |       |       |       ||    35
       Trident           |       |       |    84 |       |    35 |       |       |       |       ||   119
       Short sword       |       |       |   246 |       |       |       |       |       |       ||   246
       Quarterstaff      |       |       |    39 |  1118 |   145 |       |       |       |       ||  1302
       Demon trident     |       |       |       |       |  1307 |  1189 |  1583 |  1613 |   779 ||  6471
       Kick              |       |       |       |       |       |       |       |    58 |   287 ||   345
Throw: Stone             |       |       |    11 |       |       |       |       |       |       ||    11
       Javelin           |       |       |     4 |     6 |       |    12 |    31 |    46 |    39 ||   138
       Dart              |       |       |       |     5 |     4 |     1 |       |       |       ||    10
       Boomerang         |       |       |       |       |       |   344 |   142 |   231 |   130 ||   847
       Large rock        |       |       |       |       |       |     2 |       |       |     5 ||     7
       Throwing net      |       |       |       |       |       |       |       |       |     1 ||     1
 Cast: Summon Lightning  |       |       |       |    31 |    57 |    35 |     8 |     7 |     5 ||   143
       Aura of Abjuratio |       |       |       |       |     7 |    10 |    12 |     6 |     7 ||    42
       Apportation       |       |       |       |       |       |       |       |       |     5 ||     5
       Shadow Creatures  |       |       |       |       |       |       |       |       |     4 ||     4
       Passwall          |       |       |       |       |       |       |       |       |     2 ||     2
       Blink             |       |       |       |       |       |       |       |       |     6 ||     6
Evoke: Wand              |       |     2 |     7 |    26 |     7 |     7 |     3 |     4 |    12 ||    68
       Phial of floods   |       |       |       |       |       |     1 |     1 |     2 |       ||     4
       Phantom mirror    |       |       |       |       |       |       |       |     1 |     1 ||     2
  Use: Scroll            |       |     1 |    15 |     7 |    15 |    15 |     7 |     6 |    19 ||    85
       Potion            |       |     1 |     1 |     7 |       |     4 |       |     2 |    12 ||    27
 Stab: Distracted        |     1 |       |       |     3 |    11 |     6 |     3 |     1 |       ||    25
       Confused          |     1 |     1 |       |     1 |     8 |     1 |    10 |     4 |     1 ||    27
       Sleeping          |       |     7 |     4 |     2 |    10 |     1 |     2 |     2 |       ||    28
       Paralysed         |       |     2 |    25 |    22 |     8 |       |       |     3 |     6 ||    66
       Invisible         |       |       |     1 |       |       |       |       |     1 |       ||     2
       Petrified         |       |       |       |     6 |       |       |       |       |     5 ||    11
       Petrifying        |       |       |       |       |     1 |       |       |       |     2 ||     3
       Held in net/web   |       |       |       |       |       |       |       |       |     1 ||     1
  Eat: Chunk             |       |     6 |    13 |    28 |    36 |    14 |    27 |    25 |     7 ||   156
       Ration            |       |     1 |     1 |     9 |     3 |     8 |     3 |     2 |     7 ||    34
Armor: Robe              |    12 |   115 |   151 |       |       |       |       |       |       ||   278
       Skin              |       |    35 |       |    70 |       |       |       |       |       ||   105
       Steam dragon scal |       |       |    12 |   472 |   308 |       |       |       |       ||   792
       Fire dragon scale |       |       |       |       |    20 |   365 |   265 |   387 |   207 ||  1244
       Troll leather arm |       |       |       |       |     3 |       |       |       |       ||     3
Dodge: Dodged            |    48 |   126 |   240 |   848 |   439 |   194 |   142 |   223 |   128 ||  2388
Block: Kite shield       |       |       |       |       |   419 |   457 |       |       |       ||   876
       Tower shield      |       |       |       |       |       |   214 |   835 |   902 |   466 ||  2417

Table legend:
 A = Non-vault XP
 B = Vault XP
 C = Vault XP percentage of total XP
 D = Non-vault monster count
 E = Vault monster count
 F = Vault count percentage of total count
                 A         B        C        D         E       F
            +---------+---------+-------+---------+---------+-------
      Total |  743987 |  518783 |  41.1 |    1535 |     692 |  31.1
            +---------+---------+-------+---------+---------+-------
        D:1 |      42 |       0 |   0.0 |      24 |       0 |   0.0
        D:2 |     192 |      36 |  15.8 |      22 |       1 |   4.3
        D:3 |     382 |       0 |   0.0 |      40 |       0 |   0.0
        D:4 |     280 |     400 |  58.8 |      11 |      16 |  59.3
        D:5 |     397 |     355 |  47.2 |       9 |       3 |  25.0
        D:6 |     454 |     125 |  21.6 |       8 |       6 |  42.9
        D:7 |    1185 |     864 |  42.2 |      19 |       2 |   9.5
        D:8 |    1582 |    3336 |  67.8 |      21 |      22 |  51.2
        D:9 |    1949 |     959 |  33.0 |      43 |       9 |  17.3
       D:10 |    4127 |       0 |   0.0 |      31 |       0 |   0.0
       D:11 |    2702 |     633 |  19.0 |      19 |       7 |  26.9
       D:12 |    3217 |    3785 |  54.1 |      20 |      32 |  61.5
       D:13 |    5308 |   10985 |  67.4 |      27 |      16 |  37.2
       D:14 |   11123 |       0 |   0.0 |      37 |       0 |   0.0
       D:15 |   11303 |    1746 |  13.4 |      45 |       2 |   4.3
     Lair:1 |    3622 |    2703 |  42.7 |      15 |      18 |  54.5
     Lair:2 |    3179 |       0 |   0.0 |      21 |       0 |   0.0
     Lair:3 |    4169 |       0 |   0.0 |      21 |       0 |   0.0
     Lair:4 |    5220 |       0 |   0.0 |      33 |       0 |   0.0
     Lair:5 |    6565 |       0 |   0.0 |      24 |       0 |   0.0
     Lair:6 |   11734 |    7089 |  37.7 |      41 |      49 |  54.4
   Shoals:1 |    8781 |     557 |   6.0 |      21 |       1 |   4.5
   Shoals:2 |    6901 |     835 |  10.8 |      14 |       1 |   6.7
   Shoals:3 |   10751 |       0 |   0.0 |      22 |       0 |   0.0
   Shoals:4 |    8774 |   24730 |  73.8 |      23 |      37 |  61.7
    Snake:1 |   15888 |    1170 |   6.9 |      34 |       1 |   2.9
    Snake:2 |   13919 |    3326 |  19.3 |      31 |       8 |  20.5
    Snake:3 |   28862 |       0 |   0.0 |      60 |       0 |   0.0
    Snake:4 |   22789 |   38465 |  62.8 |      41 |      51 |  55.4
    Slime:1 |   12898 |       0 |   0.0 |      11 |       0 |   0.0
    Slime:3 |    9102 |   14744 |  61.8 |      16 |       1 |   5.9
    Slime:4 |    1794 |       0 |   0.0 |       1 |       0 |   0.0
    Slime:5 |   10668 |   28181 |  72.5 |      10 |      12 |  54.5
      Orc:1 |    2514 |     863 |  25.6 |      19 |       4 |  17.4
      Orc:2 |    2853 |   15530 |  84.5 |      15 |      76 |  83.5
      Elf:1 |   16668 |    7964 |  32.3 |      30 |      11 |  26.8
      Elf:2 |   27535 |    2739 |   9.0 |      46 |       3 |   6.1
      Elf:3 |   21994 |   36600 |  62.5 |      33 |      28 |  45.9
   Vaults:1 |   38633 |   15737 |  28.9 |      75 |      24 |  24.2
   Vaults:2 |   41385 |   29591 |  41.7 |      64 |      29 |  31.2
   Vaults:3 |   41189 |   22851 |  35.7 |      85 |      25 |  22.7
   Vaults:4 |   27674 |   19358 |  41.2 |      54 |      44 |  44.9
   Depths:1 |   14398 |   12515 |  46.5 |      18 |      14 |  43.8
   Depths:2 |   46094 |   51394 |  52.7 |      55 |      34 |  38.2
   Depths:3 |   48316 |    9514 |  16.5 |      54 |      14 |  20.6
   Depths:4 |   34809 |   21144 |  37.8 |      34 |      24 |  41.4
   Depths:5 |   65618 |   55955 |  46.0 |      50 |      34 |  40.5
      Zot:1 |   15909 |   12273 |  43.5 |      11 |       8 |  42.1
      Zot:3 |    6482 |    2293 |  26.1 |       5 |       1 |  16.7
      Zot:4 |    4892 |    3802 |  43.7 |       2 |       2 |  50.0
      Zot:5 |   29979 |   44716 |  59.9 |      21 |      14 |  40.0
    Abyss:2 |    1965 |       0 |   0.0 |       6 |       0 |   0.0
    Abyss:3 |    4450 |    6436 |  59.1 |      10 |       4 |  28.6
    Abyss:5 |   20771 |    1936 |   8.5 |      33 |       2 |   5.7
     WizLab |       0 |     548 | 100.0 |       0 |       2 | 100.0
            +---------+---------+-------+---------+---------+-------
